Workbook

Sheet 営農計画概要
M6: 氏 名：
D14: ＜作成年月日＞ | M14: ＜実 現 年＞
D19: 作物名 | E19: 栽培面積等（ａ） | I19: 販売等金額（円） | M19: 作物名 | N19: 単収（kg) | O19: 単価（円）
D20: ='収支（全体）記載不要！'!C5 | E20: =IF(D20="","",'収支（品目別）'!K6) | I20: =IF(D20="","",E20*N20*O20/10) | M20: ='収支（全体）記載不要！'!C5 | N20: =IF(M20="","",'収支（品目別）'!K7) | O20: =IF(M20="","",'収支（品目別）'!K8)
D21: ='収支（全体）記載不要！'!C6 | E21: =IF(D21="","",'収支（品目別）'!V6) | I21: =IF(D21="","",E21*N21*O21/10) | M21: ='収支（全体）記載不要！'!C6 | N21: =IF(M21="","",'収支（品目別）'!V7) | O21: =IF(M21="","",'収支（品目別）'!V8)
D22: ='収支（全体）記載不要！'!C7 | E22: =IF(D22="","",'収支（品目別）'!AG6) | I22: =IF(D22="","",E22*N22*O22/10) | M22: ='収支（全体）記載不要！'!C7 | N22: =IF(M22="","",'収支（品目別）'!AG7) | O22: =IF(M22="","",'収支（品目別）'!AG8)
D23: ='収支（全体）記載不要！'!C8 | E23: =IF(D23="","",'収支（品目別）'!AR6) | I23: =IF(D23="","",E23*N23*O23/10) | M23: ='収支（全体）記載不要！'!C8 | N23: =IF(M23="","",'収支（品目別）'!AR7) | O23: =IF(M23="","",'収支（品目別）'!AR8)
D24: ='収支（全体）記載不要！'!C9 | E24: =IF(D24="","",'収支（品目別）'!AR7) | I24: =IF(D24="","",E24*N24*O24/10) | M24: ='収支（全体）記載不要！'!C9 | N24: =IF(M24="","",'収支（品目別）'!AR8) | O24: =IF(M24="","",'収支（品目別）'!AR9)
E27: 年 間 収 支 目 標 | F27: 販売収入 | J27: ① | K27: =SUM(I20:K24) -> 0 | N27: 円
F28: その他農業収入（奨励金等） | J28: ② | K28: ='資金繰り表 最後に記載すること'!J11 -> 0 | N28: 円
F29: 経営費 | J29: ③ | K29: ='収支（全体）記載不要！'!K37 -> 0 | N29: 円
F30: 農業所得 （①+②-③） | J30: ④ | K30: =K27+K28-K29 -> 0 | N30: 円
F31: 農外所得 | J31: ⑤ | K31: ='資金繰り表 最後に記載すること'!J15 -> 0 | N31: 円
F32: 農家所得 （④+⑤） | J32: ⑥ | K32: =K30+K31 -> 0 | N32: 円
F33: 家計費 | J33: ⑦ | K33: ='資金繰り表 最後に記載すること'!J17 -> 0 | N33: 円
F34: 農家経済余剰 （⑥-⑦） | J34: ⑧ | K34: =K32-K33 -> 0 | N34: 円
F35: 返済金等 | J35: ⑨ | K35: ='資金繰り表 最後に記載すること'!J26 -> #REF! | N35: 円
F36: 貯蓄等仕向可能額 （⑧-⑨） | J36: ⑩ | K36: =K34-K35 -> #REF! | N36: 円
B43: ①経営規模
B44: ②生産方式
B45: ③経営管理
B46: ④労 働 力
B47: ⑤販 売
B48: ⑥そ の 他

Sheet 資金繰り表　最後に記載すること
I2: （単位：円）
A3: 区 分 | E3: 現 況 | F3: R6 | G3: R7 | H3: R8 | I3: R9 | J3: R10
A4: 農 業 収 入 | B4: 品 目 名 | E4: 金 額 | F4: 金 額 | G4: 金 額 | H4: 金 額 | I4: 金 額 | J4: 金 額
B5: 農作物収入計 | E5: =SUM(E6:E10) -> 0 | F5: =SUM(F6:F10) -> 0 | G5: =SUM(G6:G10) -> 0 | H5: =SUM(H6:H10) -> 0 | I5: =SUM(I6:I10) -> 0 | J5: =SUM(J6:J10) -> 0
C6: ='収支（全体）記載不要！'!C5:E5 | E6: ='収支（全体）記載不要！'!F5 | F6: ='収支（全体）記載不要！'!G5 | G6: ='収支（全体）記載不要！'!H5 | H6: ='収支（全体）記載不要！'!I5 | I6: ='収支（全体）記載不要！'!J5 | J6: ='収支（全体）記載不要！'!K5
C7: ='収支（全体）記載不要！'!C6:E6 | E7: ='収支（全体）記載不要！'!F6 | F7: ='収支（全体）記載不要！'!G6 | G7: ='収支（全体）記載不要！'!H6 | H7: ='収支（全体）記載不要！'!I6 | I7: ='収支（全体）記載不要！'!J6 | J7: ='収支（全体）記載不要！'!K6
C8: ='収支（全体）記載不要！'!C7:E7 | E8: ='収支（全体）記載不要！'!F7 | F8: ='収支（全体）記載不要！'!G7 | G8: ='収支（全体）記載不要！'!H7 | H8: ='収支（全体）記載不要！'!I7 | I8: ='収支（全体）記載不要！'!J7 | J8: ='収支（全体）記載不要！'!K7
C9: ='収支（全体）記載不要！'!C8:E8 | E9: ='収支（全体）記載不要！'!F8 | F9: ='収支（全体）記載不要！'!G8 | G9: ='収支（全体）記載不要！'!H8 | H9: ='収支（全体）記載不要！'!I8 | I9: ='収支（全体）記載不要！'!J8 | J9: ='収支（全体）記載不要！'!K8
C10: ='収支（全体）記載不要！'!C9:E9 | E10: ='収支（全体）記載不要！'!F9 | F10: ='収支（全体）記載不要！'!G9 | G10: ='収支（全体）記載不要！'!H9 | H10: ='収支（全体）記載不要！'!I9 | I10: ='収支（全体）記載不要！'!J9 | J10: ='収支（全体）記載不要！'!K9
B11: その他（奨励金等）
B12: 計 | D12: Ａ | E12: =E5+E11 -> 0 | F12: =F5+F11 -> 0 | G12: =G5+G11 -> 0 | H12: =H5+H11 -> 0 | I12: =I5+I11 -> 0 | J12: =J5+J11 -> 0
A13: 農 業 経 営 費 | D13: Ｂ | E13: ='収支（全体）記載不要！'!F37 -> 0 | F13: ='収支（全体）記載不要！'!G37 -> 0 | G13: ='収支（全体）記載不要！'!H37 -> 0 | H13: ='収支（全体）記載不要！'!I37 -> 0 | I13: ='収支（全体）記載不要！'!J37 -> 0 | J13: ='収支（全体）記載不要！'!K37 -> 0
A14: 農業所得（Ａ－Ｂ） | D14: Ｃ | E14: =E12-E13 -> 0 | F14: =F12-F13 -> 0 | G14: =G12-G13 -> 0 | H14: =H12-H13 -> 0 | I14: =I12-I13 -> 0 | J14: =J12-J13 -> 0
A15: 農 外 所 得 | D15: Ｄ
A16: 農家所得（Ｃ＋Ｄ） | D16: Ｅ | E16: =E14+E15 -> 0 | F16: =F14+F15 -> 0 | G16: =G14+G15 -> 0 | H16: =H14+H15 -> 0 | I16: =I14+I15 -> 0 | J16: =J14+J15 -> 0
A17: 家計費(租税公課含む） | D17: Ｆ
A18: 資 金 調 達 | B18: 現金・預金（期首） | G18: =F32 -> #REF! | H18: =G32 -> #REF! | I18: =H32 -> #REF! | J18: =I32 -> #REF!
B19: 農家経済余剰（Ｅ－Ｆ） | E19: =E16-E17 -> 0 | F19: =F16-F17 -> 0 | G19: =G16-G17 -> 0 | H19: =H16-H17 -> 0 | I19: =I16-I17 -> 0 | J19: =J16-J17 -> 0
B20: 減価償却費 | E20: ='収支（全体）記載不要！'!F24 -> 0 | F20: ='収支（全体）記載不要！'!G24 -> 0 | G20: ='収支（全体）記載不要！'!H24 -> 0 | H20: ='収支（全体）記載不要！'!I24 -> 0 | I20: ='収支（全体）記載不要！'!J24 -> 0 | J20: ='収支（全体）記載不要！'!K24 -> 0
B21: 資産処分等
B22: 借入金 ①
B23: 借入金 ②
B24: 借入金 ③
B25: 計 | D25: Ｇ | E25: =SUM(E18:E24) -> 0 | F25: =SUM(F18:F24) -> 0 | G25: =SUM(G18:G24) -> #REF! | H25: =SUM(H18:H24) -> #REF! | I25: =SUM(I18:I24) -> #REF! | J25: =SUM(J18:J24) -> #REF!
A26: 資金運用 | B26: 借入金償還金等 | E26: =SUM(E27:E28) -> #REF! | F26: =SUM(F27:F28) -> #REF! | G26: =SUM(G27:G28) -> #REF! | H26: =SUM(H27:H28) -> #REF! | I26: =SUM(I27:I28) -> #REF! | J26: =SUM(J27:J28) -> #REF!
C27: 農業関係元金 | E27: =#REF! -> #REF! | F27: =#REF! -> #REF! | G27: =#REF! -> #REF! | H27: =#REF! -> #REF! | I27: =#REF! -> #REF! | J27: =#REF! -> #REF!
C28: 生活関係元利金 | E28: =#REF! -> #REF! | F28: =#REF! -> #REF! | G28: =#REF! -> #REF! | H28: =#REF! -> #REF! | I28: =#REF! -> #REF! | J28: =#REF! -> #REF!
B29: 資産取得（農地等） | E29: =経営耕地計画!E42 -> 0 | F29: =経営耕地計画!F42 -> 0 | G29: =経営耕地計画!G42 -> 0 | H29: =経営耕地計画!H42 -> 0 | I29: =経営耕地計画!I42 -> 0 | J29: =経営耕地計画!J42 -> 0
B30: 資産取得（施設機械） | E30: =施設等整備計画!F29 -> 0 | F30: =施設等整備計画!G29 -> 0 | G30: =施設等整備計画!H29 -> 0 | H30: =施設等整備計画!I29 -> 0 | I30: =施設等整備計画!J29 -> 0 | J30: =施設等整備計画!K29 -> 0
B31: 計 | D31: Ｈ | E31: =E26+E29+E30 -> #REF! | F31: =F26+F29+F30 -> #REF! | G31: =G26+G29+G30 -> #REF! | H31: =H26+H29+H30 -> #REF! | I31: =I26+I29+I30 -> #REF! | J31: =J26+J29+J30 -> #REF!
A32: 差引次期繰越（Ｇ－Ｈ） | E32: =E25-E31 -> #REF! | F32: =F25-F31 -> #REF! | G32: =G25-G31 -> #REF! | H32: =H25-H31 -> #REF! | I32: =I25-I31 -> #REF! | J32: =J25-J31 -> #REF!

Sheet 経営耕地計画
B3: 地目 | D3: ほ場名 | E3: 面 積 （ａ）
E4: 現況 | F4: R6 | G4: R7 | H4: R8 | I4: R9 | J4: R10
B5: 田 | C5: 自作地
D13: 計 | E13: =SUM(E5:E12) -> 0 | F13: =SUM(F5:F12) -> 0 | G13: =SUM(G5:G12) -> 0 | H13: =SUM(H5:H12) -> 0 | I13: =SUM(I5:I12) -> 0 | J13: =SUM(J5:J12) -> 0
C14: 借 地
D18: 計 | E18: =SUM(E14:E17) -> 0 | F18: =SUM(F14:F17) -> 0 | G18: =SUM(G14:G17) -> 0 | H18: =SUM(H14:H17) -> 0 | I18: =SUM(I14:I17) -> 0 | J18: =SUM(J14:J17) -> 0
C19: 小 計 | E19: =E13+E18 -> 0 | F19: =F13+F18 -> 0 | G19: =G13+G18 -> 0 | H19: =H13+H18 -> 0 | I19: =I13+I18 -> 0 | J19: =J13+J18 -> 0
B20: 畑 | C20: 自作地
D24: 計 | E24: =SUM(E20:E23) -> 0 | F24: =SUM(F20:F23) -> 0 | G24: =SUM(G20:G23) -> 0 | H24: =SUM(H20:H23) -> 0 | I24: =SUM(I20:I23) -> 0 | J24: =SUM(J20:J23) -> 0
C25: 借 地
D28: 計 | E28: =SUM(E25:E27) -> 0 | F28: =SUM(F25:F27) -> 0 | G28: =SUM(G25:G27) -> 0 | H28: =SUM(H25:H27) -> 0 | I28: =SUM(I25:I27) -> 0 | J28: =SUM(J25:J27) -> 0
C29: 小 計 | E29: =E24+E28 -> 0 | F29: =F24+F28 -> 0 | G29: =G24+G28 -> 0 | H29: =H24+H28 -> 0 | I29: =I24+I28 -> 0 | J29: =J24+J28 -> 0
B30: 樹園地 | C30: 自作地
D34: 計 | E34: =SUM(E30:E33) -> 0 | F34: =SUM(F30:F33) -> 0 | G34: =SUM(G30:G33) -> 0 | H34: =SUM(H30:H33) -> 0 | I34: =SUM(I30:I33) -> 0 | J34: =SUM(J30:J33) -> 0
C35: 借 地
D37: 計 | E37: =SUM(E35:E36) -> 0 | F37: =SUM(F35:F36) -> 0 | G37: =SUM(G35:G36) -> 0 | H37: =SUM(H35:H36) -> 0 | I37: =SUM(I35:I36) -> 0 | J37: =SUM(J35:J36) -> 0
C38: 小 計 | E38: =E34+E37 -> 0 | F38: =F34+F37 -> 0 | G38: =G34+G37 -> 0 | H38: =H34+H37 -> 0 | I38: =I34+I37 -> 0 | J38: =J34+J37 -> 0
B39: 合 計 | E39: =E40+E41 -> 0 | F39: =F40+F41 -> 0 | G39: =G40+G41 -> 0 | H39: =H40+H41 -> 0 | I39: =I40+I41 -> 0 | J39: =J40+J41 -> 0
C40: 自作地計 | E40: =E13+E24+E34 -> 0 | F40: =F13+F24+F34 -> 0 | G40: =G13+G24+G34 -> 0 | H40: =H13+H24+H34 -> 0 | I40: =I13+I24+I34 -> 0 | J40: =J13+J24+J34 -> 0
C41: 借 地 計 | E41: =E18+E28+E37 -> 0 | F41: =F18+F28+F37 -> 0 | G41: =G18+G28+G37 -> 0 | H41: =H18+H28+H37 -> 0 | I41: =I18+I28+I37 -> 0 | J41: =J18+J28+J37 -> 0
B42: 必要資金 | C42: 購入額（円）
C43: 方法 | D43: 自己資金
D44: 借 入 金
C45: 借地料（円）

Sheet 施設等整備計画
B3: 区分 | C3: 施設・機械名 | E3: 規模等 | F3: 導 入 金 額 （円） | N3: 区分 | O3: 施設・機械名 | Q3: 導入年 | R3: 導入金額 | S3: 減 価 償 却 費
F4: 現況 | G4: R6 | H4: R7 | I4: R8 | J4: R9 | K4: R10 | S4: 現況 | T4: R6 | U4: R7 | V4: R8 | W4: R9 | X4: R10
B5: 施 設 | N5: 施 設 | O5: =IF(C5="","",C5)
O6: =IF(C6="","",C6)
O7: =IF(C7="","",C7)
O8: =IF(C8="","",C8)
O9: =IF(C9="","",C9)
O10: =IF(C10="","",C10)
O11: =IF(C11="","",C11)
O12: =IF(C12="","",C12)
C13: 小 計 | F13: =SUM(F5:F12) -> 0 | G13: =SUM(G5:G12) -> 0 | H13: =SUM(H5:H12) -> 0 | I13: =SUM(I5:I12) -> 0 | J13: =SUM(J5:J12) -> 0 | K13: =SUM(K5:K12) -> 0 | O13: 小 計 | R13: =SUM(R5:R12) -> 0 | S13: =SUM(S5:S12) -> 0 | T13: =SUM(T5:T12) -> 0 | U13: =SUM(U5:U12) -> 0 | V13: =SUM(V5:V12) -> 0 | W13: =SUM(W5:W12) -> 0 | X13: =SUM(X5:X12) -> 0
B14: 機 械 | N14: 機 械 | O14: =IF(C14="","",C14)
O15: =IF(C15="","",C15)
O16: =IF(C16="","",C16)
O17: =IF(C17="","",C17)
O18: =IF(C18="","",C18)
O19: =IF(C19="","",C19)
O20: =IF(C20="","",C20)
O21: =IF(C21="","",C21)
O22: =IF(C22="","",C22)
O23: =IF(C23="","",C23)
O24: =IF(C24="","",C24)
O25: =IF(C25="","",C25)
O26: =IF(C26="","",C26)
O27: =IF(C27="","",C27)
C28: 小 計 | F28: =SUM(F14:F27) -> 0 | G28: =SUM(G14:G27) -> 0 | H28: =SUM(H14:H27) -> 0 | I28: =SUM(I14:I27) -> 0 | J28: =SUM(J14:J27) -> 0 | K28: =SUM(K14:K27) -> 0 | O28: 小 計 | R28: =SUM(R14:R27) -> 0 | S28: =SUM(S14:S27) -> 0 | T28: =SUM(T14:T27) -> 0 | U28: =SUM(U14:U27) -> 0 | V28: =SUM(V14:V27) -> 0 | W28: =SUM(W14:W27) -> 0 | X28: =SUM(X14:X27) -> 0
B29: 合 計 | F29: =F13+F28 -> 0 | G29: =G13+G28 -> 0 | H29: =H13+H28 -> 0 | I29: =I13+I28 -> 0 | J29: =J13+J28 -> 0 | K29: =K13+K28 -> 0 | N29: 合 計 | R29: =R13+R28 -> 0 | S29: =S13+S28 -> 0 | T29: =T13+T28 -> 0 | U29: =U13+U28 -> 0 | V29: =V13+V28 -> 0 | W29: =W13+W28 -> 0 | X29: =X13+X28 -> 0
B30: 資金調達方法及び金額 | C30: 自己資金
C31: 補助金
C32: 借 入 金 | D32: 借入金 ①
D33: 借入金 ②
D34: 借入金 ③
D35: 借入金 ④
D36: 借入金 ⑤
D38: 計 | F38: =SUM(F32:F37) -> 0 | G38: =SUM(G32:G37) -> 0 | H38: =SUM(H32:H37) -> 0 | I38: =SUM(I32:I37) -> 0 | J38: =SUM(J32:J37) -> 0 | K38: =SUM(K32:K37) -> 0
C39: 合 計 | F39: =F30+F31+F38 -> 0 | G39: =G30+G31+G38 -> 0 | H39: =H30+H31+H38 -> 0 | I39: =I30+I31+I38 -> 0 | J39: =J30+J31+J38 -> 0 | K39: =K30+K31+K38 -> 0

Sheet 借入金返済 
L2: （単位：円）
B3: 借入資金名 | C3: 借入年月 | D3: 借入金額 | E3: 利率(％) | F3: 最終償還 年月日 | H3: 現況 | I3: 年 | J3: 年 | K3: 年 | L3: 年 | M3: 年 | N3: 年 | O3: 年 | P3: 年 | Q3: 年 | R3: 年 | S3: 年 | T3: 年 | U3: 年 | V3: 年 | W3: 年
A4: 農 業 関 係 | G4: 元金
G5: 利息
G6: 元金
G7: 利息
G8: 元金
G9: 利息
G10: 元金
G11: 利息
G12: 元金
G13: 利息
G14: 元金
G15: 利息
G16: 元金
G17: 利息
B18: 農業合計 | G18: 元金 | H18: =H4+H6+H8+H10+H12+H14+H16 -> 0 | I18: =I4+I6+I8+I10+I12+I14+I16 -> 0 | J18: =J4+J6+J8+J10+J12+J14+J16 -> 0 | K18: =K4+K6+K8+K10+K12+K14+K16 -> 0 | L18: =L4+L6+L8+L10+L12+L14+L16 -> 0 | M18: =M4+M6+M8+M10+M12+M14+M16 -> 0 | N18: =N4+N6+N8+N10+N12+N14+N16 -> 0 | O18: =O4+O6+O8+O10+O12+O14+O16 -> 0 | ... W18: =W4+W6+W8+W10+W12+W14+W16 -> 0
G19: 利息 | H19: =H5+H7+H9+H11+H13+H15+H17 -> 0 | I19: =I5+I7+I9+I11+I13+I15+I17 -> 0 | J19: =J5+J7+J9+J11+J13+J15+J17 -> 0 | K19: =K5+K7+K9+K11+K13+K15+K17 -> 0 | L19: =L5+L7+L9+L11+L13+L15+L17 -> 0 | M19: =M5+M7+M9+M11+M13+M15+M17 -> 0 | N19: =N5+N7+N9+N11+N13+N15+N17 -> 0 | O19: =O5+O7+O9+O11+O13+O15+O17 -> 0 | ... W19: =W5+W7+W9+W11+W13+W15+W17 -> 0
A20: 生 活 関 係 | G20: 元金
G21: 利息
G22: 元金
G23: 利息
G24: 元金
G25: 利息
G26: 元金
G27: 利息
G28: 元金
G29: 利息
G30: 元金
G31: 利息
B32: 生活合計 | G32: 元金 | H32: =H20+H22+H24+H26+H28+H30 -> 0 | I32: =I20+I22+I24+I26+I28+I30 -> 0 | J32: =J20+J22+J24+J26+J28+J30 -> 0 | K32: =K20+K22+K24+K26+K28+K30 -> 0 | L32: =L20+L22+L24+L26+L28+L30 -> 0 | M32: =M20+M22+M24+M26+M28+M30 -> 0 | N32: =N20+N22+N24+N26+N28+N30 -> 0 | O32: =O20+O22+O24+O26+O28+O30 -> 0 | ... W32: =W20+W22+W24+W26+W28+W30 -> 0
G33: 利息 | H33: =H21+H23+H25+H27+H29+H31 -> 0 | I33: =I21+I23+I25+I27+I29+I31 -> 0 | J33: =J21+J23+J25+J27+J29+J31 -> 0 | K33: =K21+K23+K25+K27+K29+K31 -> 0 | L33: =L21+L23+L25+L27+L29+L31 -> 0 | M33: =M21+M23+M25+M27+M29+M31 -> 0 | N33: =N21+N23+N25+N27+N29+N31 -> 0 | O33: =O21+O23+O25+O27+O29+O31 -> 0 | ... W33: =W21+W23+W25+W27+W29+W31 -> 0
G34: 計 | H34: =H32+H33 -> 0 | I34: =I32+I33 -> 0 | J34: =J32+J33 -> 0 | K34: =K32+K33 -> 0 | L34: =L32+L33 -> 0 | M34: =M32+M33 -> 0 | N34: =N32+N33 -> 0 | O34: =O32+O33 -> 0 | ... W34: =W32+W33 -> 0
A35: 合 計 | G35: 元金 | H35: =H18+H32 -> 0 | I35: =I18+I32 -> 0 | J35: =J18+J32 -> 0 | K35: =K18+K32 -> 0 | L35: =L18+L32 -> 0 | M35: =M18+M32 -> 0 | N35: =N18+N32 -> 0 | O35: =O18+O32 -> 0 | ... W35: =W18+W32 -> 0
G36: 利息 | H36: =H19+H33 -> 0 | I36: =I19+I33 -> 0 | J36: =J19+J33 -> 0 | K36: =K19+K33 -> 0 | L36: =L19+L33 -> 0 | M36: =M19+M33 -> 0 | N36: =N19+N33 -> 0 | O36: =O19+O33 -> 0 | ... W36: =W19+W33 -> 0

Sheet 収支（品目別）
B3: 品 目 | M3: 品 目 | X3: 品 目 | AI3: 品 目 | AT3: 品 目
F5: 現況 | G5: R6 | H5: R7 | I5: R8 | J5: R9 | K5: R10 | Q5: 現況 | R5: R6 | S5: R7 | T5: R8 | U5: R9 | V5: R10 | AB5: 現況 | AC5: R6 | AD5: R7 | AE5: R8 | AF5: R9 | AG5: R10 | AM5: 現況 | AN5: R6 | AO5: R7 | AP5: R8 | AQ5: R9 | AR5: R10 | AX5: 現況 | AY5: 25年 | AZ5: 26年 | BA5: 27年 | BB5: 28年 | BC5: 29年
B6: 収 入 | C6: 面 積 | E6: （ａ） | M6: 収 入 | N6: 面 積 | P6: （ａ） | X6: 収 入 | Y6: 面 積 | AA6: （ａ） | AI6: 収 入 | AJ6: 面 積 | AL6: （ａ） | AT6: 収 入 | AU6: 面 積 | AW6: （ａ）
C7: 単 収 | E7: （kg） | N7: 単 収 | P7: （kg） | Y7: 単 収 | AA7: （kg） | AJ7: 単 収 | AL7: （kg） | AU7: 単 収 | AW7: （kg）
C8: 単 価 | E8: （円） | N8: 単 価 | P8: （円） | Y8: 単 価 | AA8: （円） | AJ8: 単 価 | AL8: （円） | AU8: 単 価 | AW8: （円）
C9: 金 額 | E9: （円） | F9: =IF(F6="","",F6*F7*F8/10) | G9: =IF(G6="","",G6*G7*G8/10) | H9: =IF(H6="","",H6*H7*H8/10) | I9: =IF(I6="","",I6*I7*I8/10) | J9: =IF(J6="","",J6*J7*J8/10) | K9: =IF(K6="","",K6*K7*K8/10) | N9: 金 額 | P9: （円） | Q9: =IF(Q6="","",Q6*Q7*Q8/10) | R9: =IF(R6="","",R6*R7*R8/10) | S9: =IF(S6="","",S6*S7*S8/10) | T9: =IF(T6="","",T6*T7*T8/10) | U9: =IF(U6="","",U6*U7*U8/10) | V9: =IF(V6="","",V6*V7*V8/10) | Y9: 金 額 | AA9: （円） | AB9: =IF(AB6="","",AB6*AB7*AB8/10) | AC9: =IF(AC6="","",AC6*AC7*AC8/10) | AD9: =IF(AD6="","",AD6*AD7*AD8/10) | AE9: =IF(AE6="","",AE6*AE7*AE8/10) | AF9: =IF(AF6="","",AF6*AF7*AF8/10) | AG9: =IF(AG6="","",AG6*AG7*AG8/10) | AJ9: 金 額 | AL9: （円） | AM9: =IF(AM6="","",AM6*AM7*AM8/10) | AN9: =IF(AN6="","",AN6*AN7*AN8/10) | AO9: =IF(AO6="","",AO6*AO7*AO8/10) | AP9: =IF(AP6="","",AP6*AP7*AP8/10) | AQ9: =IF(AQ6="","",AQ6*AQ7*AQ8/10) | AR9: =IF(AR6="","",AR6*AR7*AR8/10) | AU9: 金 額 | AW9: （円） | AX9: =IF(AX6="","",AX6*AX7*AX8/10) | AY9: =IF(AY6="","",AY6*AY7*AY8/10) | AZ9: =IF(AZ6="","",AZ6*AZ7*AZ8/10) | BA9: =IF(BA6="","",BA6*BA7*BA8/10) | BB9: =IF(BB6="","",BB6*BB7*BB8/10) | BC9: =IF(BC6="","",BC6*BC7*BC8/10)
B10: 農 業 経 営 費 | C10: 種苗費 | M10: 農 業 経 営 費 | N10: 種苗費 | X10: 農 業 経 営 費 | Y10: 種苗費 | AI10: 農 業 経 営 費 | AJ10: 種苗費 | AT10: 農 業 経 営 費 | AU10: 種苗費
C11: 肥料費 | N11: 肥料費 | Y11: 肥料費 | AJ11: 肥料費 | AU11: 肥料費
C12: 素畜費・種付費 | N12: 素畜費・種付費 | Y12: 素畜費・種付費 | AJ12: 素畜費・種付費 | AU12: 素畜費・種付費
C13: 飼料費 | N13: 飼料費 | Y13: 飼料費 | AJ13: 飼料費 | AU13: 飼料費
C14: 農薬・衛生費 | N14: 農薬・衛生費 | Y14: 農薬・衛生費 | AJ14: 農薬・衛生費 | AU14: 農薬・衛生費
C15: 動力光熱費 | N15: 動力光熱費 | Y15: 動力光熱費 | AJ15: 動力光熱費 | AU15: 動力光熱費
C16: 諸材料費・敷料費 | N16: 諸材料費・敷料費 | Y16: 諸材料費・敷料費 | AJ16: 諸材料費・敷料費 | AU16: 諸材料費・敷料費
C17: 小農具・作業衣料費 | N17: 小農具・作業衣料費 | Y17: 小農具・作業衣料費 | AJ17: 小農具・作業衣料費 | AU17: 小農具・作業衣料費
C18: 賃借料・料金 | N18: 賃借料・料金 | Y18: 賃借料・料金 | AJ18: 賃借料・料金 | AU18: 賃借料・料金
C19: 物件税・租税公課 | Y19: 物件税・租税公課 | AJ19: 物件税・租税公課 | AU19: 物件税・租税公課
C20: 保険共済費 | N20: 保険共済費 | Y20: 保険共済費 | AJ20: 保険共済費 | AU20: 保険共済費
C21: 土地改良水利費 | N21: 土地改良水利費 | Y21: 土地改良水利費 | AJ21: 土地改良水利費 | AU21: 土地改良水利費
C22: 修繕費 | N22: 修繕費 | Y22: 修繕費 | AJ22: 修繕費 | AU22: 修繕費
C23: 減価償却費 | F23: =IF(F6="","",SUM(F24:F27)) | G23: =IF(G6="","",SUM(G24:G27)) | H23: =IF(H6="","",SUM(H24:H27)) | I23: =IF(I6="","",SUM(I24:I27)) | J23: =IF(J6="","",SUM(J24:J27)) | K23: =IF(K6="","",SUM(K24:K27)) | N23: 減価償却費 | Q23: =IF(Q6="","",SUM(Q24:Q27)) | R23: =IF(R6="","",SUM(R24:R27)) | S23: =IF(S6="","",SUM(S24:S27)) | T23: =IF(T6="","",SUM(T24:T27)) | U23: =IF(U6="","",SUM(U24:U27)) | V23: =IF(V6="","",SUM(V24:V27)) | Y23: 減価償却費 | AB23: =IF(AB6="","",SUM(AB24:AB27)) | AC23: =IF(AC6="","",SUM(AC24:AC27)) | AD23: =IF(AD6="","",SUM(AD24:AD27)) | AE23: =IF(AE6="","",SUM(AE24:AE27)) | AF23: =IF(AF6="","",SUM(AF24:AF27)) | AG23: =IF(AG6="","",SUM(AG24:AG27)) | AJ23: 減価償却費 | AM23: =IF(AM6="","",SUM(AM24:AM27)) | AN23: =IF(AN6="","",SUM(AN24:AN27)) | AO23: =IF(AO6="","",SUM(AO24:AO27)) | AP23: =IF(AP6="","",SUM(AP24:AP27)) | AQ23: =IF(AQ6="","",SUM(AQ24:AQ27)) | AR23: =IF(AR6="","",SUM(AR24:AR27)) | AU23: 減価償却費 | AX23: =IF(AX6="","",SUM(AX24:AX27)) | AY23: =IF(AY6="","",SUM(AY24:AY27)) | AZ23: =IF(AZ6="","",SUM(AZ24:AZ27)) | BA23: =IF(BA6="","",SUM(BA24:BA27)) | BB23: =IF(BB6="","",SUM(BB24:BB27)) | BC23: =IF(BC6="","",SUM(BC24:BC27))
D24: 建物・施設 | O24: 建物・施設 | Z24: 建物・施設 | AK24: 建物・施設 | AV24: 建物・施設
D25: 農機具 | O25: 農機具 | Z25: 農機具 | AK25: 農機具 | AV25: 農機具
D26: 大動物 | O26: 大動物 | Z26: 大動物 | AK26: 大動物 | AV26: 大動物
D27: 大植物 | O27: 大植物 | Z27: 大植物 | AK27: 大植物 | AV27: 大植物
C28: 雇用労賃 | N28: 雇用労賃 | Y28: 雇用労賃 | AJ28: 雇用労賃 | AU28: 雇用労賃
C29: 支払利子 | N29: 支払利子 | Y29: 支払利子 | AJ29: 支払利子 | AU29: 支払利子
C30: 支払地代 | N30: 支払地代 | Y30: 支払地代 | AJ30: 支払地代 | AU30: 支払地代
C31: 販売費・一般管理費 | F31: =IF(F6="","",SUM(F32:F35)) | G31: =IF(G6="","",SUM(G32:G35)) | H31: =IF(H6="","",SUM(H32:H35)) | I31: =IF(I6="","",SUM(I32:I35)) | J31: =IF(J6="","",SUM(J32:J35)) | K31: =IF(K6="","",SUM(K32:K35)) | N31: 販売費・一般管理費 | Q31: =IF(Q6="","",SUM(Q32:Q35)) | R31: =IF(R6="","",SUM(R32:R35)) | S31: =IF(S6="","",SUM(S32:S35)) | T31: =IF(T6="","",SUM(T32:T35)) | U31: =IF(U6="","",SUM(U32:U35)) | V31: =IF(V6="","",SUM(V32:V35)) | Y31: 販売費・一般管理費 | AB31: =IF(AB6="","",SUM(AB32:AB35)) | AC31: =IF(AC6="","",SUM(AC32:AC35)) | AD31: =IF(AD6="","",SUM(AD32:AD35)) | AE31: =IF(AE6="","",SUM(AE32:AE35)) | AF31: =IF(AF6="","",SUM(AF32:AF35)) | AG31: =IF(AG6="","",SUM(AG32:AG35)) | AJ31: 販売費・一般管理費 | AM31: =IF(AM6="","",SUM(AM32:AM35)) | AN31: =IF(AN6="","",SUM(AN32:AN35)) | AO31: =IF(AO6="","",SUM(AO32:AO35)) | AP31: =IF(AP6="","",SUM(AP32:AP35)) | AQ31: =IF(AQ6="","",SUM(AQ32:AQ35)) | AR31: =IF(AR6="","",SUM(AR32:AR35)) | AU31: 販売費・一般管理費 | AX31: =IF(AX6="","",SUM(AX32:AX35)) | AY31: =IF(AY6="","",SUM(AY32:AY35)) | AZ31: =IF(AZ6="","",SUM(AZ32:AZ35)) | BA31: =IF(BA6="","",SUM(BA32:BA35)) | BB31: =IF(BB6="","",SUM(BB32:BB35)) | BC31: =IF(BC6="","",SUM(BC32:BC35))
D32: 選果出荷経費 | O32: 選果出荷経費 | Z32: 選果出荷経費 | AK32: 選果出荷経費 | AV32: 選果出荷経費
D33: 運賃 | O33: 運賃 | Z33: 運賃 | AK33: 運賃 | AV33: 運賃
D34: 手数料 | O34: 手数料 | Z34: 手数料 | AK34: 手数料 | AV34: 手数料
D35: 一般管理費 | O35: 一般管理費 | Z35: 一般管理費 | AK35: 一般管理費 | AV35: 一般管理費
C36: 合 計 | F36: =IF(F6="","",SUM(F10:F23)+SUM(F28:F31)) | G36: =IF(G6="","",SUM(G10:G23)+SUM(G28:G31)) | H36: =IF(H6="","",SUM(H10:H23)+SUM(H28:H31)) | I36: =IF(I6="","",SUM(I10:I23)+SUM(I28:I31)) | J36: =IF(J6="","",SUM(J10:J23)+SUM(J28:J31)) | K36: =IF(K6="","",SUM(K10:K23)+SUM(K28:K31)) | N36: 合 計 | Q36: =IF(Q6="","",SUM(Q10:Q23)+SUM(Q28:Q31)) | R36: =IF(R6="","",SUM(R10:R23)+SUM(R28:R31)) | S36: =IF(S6="","",SUM(S10:S23)+SUM(S28:S31)) | T36: =IF(T6="","",SUM(T10:T23)+SUM(T28:T31)) | U36: =IF(U6="","",SUM(U10:U23)+SUM(U28:U31)) | V36: =IF(V6="","",SUM(V10:V23)+SUM(V28:V31)) | Y36: 合 計 | AB36: =IF(AB6="","",SUM(AB10:AB23)+SUM(AB28:AB31)) | AC36: =IF(AC6="","",SUM(AC10:AC23)+SUM(AC28:AC31)) | AD36: =IF(AD6="","",SUM(AD10:AD23)+SUM(AD28:AD31)) | AE36: =IF(AE6="","",SUM(AE10:AE23)+SUM(AE28:AE31)) | AF36: =IF(AF6="","",SUM(AF10:AF23)+SUM(AF28:AF31)) | AG36: =IF(AG6="","",SUM(AG10:AG23)+SUM(AG28:AG31)) | AJ36: 合 計 | AM36: =IF(AM6="","",SUM(AM10:AM23)+SUM(AM28:AM31)) | AN36: =IF(AN6="","",SUM(AN10:AN23)+SUM(AN28:AN31)) | AO36: =IF(AO6="","",SUM(AO10:AO23)+SUM(AO28:AO31)) | AP36: =IF(AP6="","",SUM(AP10:AP23)+SUM(AP28:AP31)) | AQ36: =IF(AQ6="","",SUM(AQ10:AQ23)+SUM(AQ28:AQ31)) | AR36: =IF(AR6="","",SUM(AR10:AR23)+SUM(AR28:AR31)) | AU36: 合 計 | AX36: =IF(AX6="","",SUM(AX10:AX23)+SUM(AX28:AX31)) | AY36: =IF(AY6="","",SUM(AY10:AY23)+SUM(AY28:AY31)) | AZ36: =IF(AZ6="","",SUM(AZ10:AZ23)+SUM(AZ28:AZ31)) | BA36: =IF(BA6="","",SUM(BA10:BA23)+SUM(BA28:BA31)) | BB36: =IF(BB6="","",SUM(BB10:BB23)+SUM(BB28:BB31)) | BC36: =IF(BC6="","",SUM(BC10:BC23)+SUM(BC28:BC31))
B37: 農 業 所 得 | F37: =IF(F6="","",F9-F36) | G37: =IF(G6="","",G9-G36) | H37: =IF(H6="","",H9-H36) | I37: =IF(I6="","",I9-I36) | J37: =IF(J6="","",J9-J36) | K37: =IF(K6="","",K9-K36) | M37: 農 業 所 得 | Q37: =IF(Q6="","",Q9-Q36) | R37: =IF(R6="","",R9-R36) | S37: =IF(S6="","",S9-S36) | T37: =IF(T6="","",T9-T36) | U37: =IF(U6="","",U9-U36) | V37: =IF(V6="","",V9-V36) | X37: 農 業 所 得 | AB37: =IF(AB6="","",AB9-AB36) | AC37: =IF(AC6="","",AC9-AC36) | AD37: =IF(AD6="","",AD9-AD36) | AE37: =IF(AE6="","",AE9-AE36) | AF37: =IF(AF6="","",AF9-AF36) | AG37: =IF(AG6="","",AG9-AG36) | AI37: 農 業 所 得 | AM37: =IF(AM6="","",AM9-AM36) | AN37: =IF(AN6="","",AN9-AN36) | AO37: =IF(AO6="","",AO9-AO36) | AP37: =IF(AP6="","",AP9-AP36) | AQ37: =IF(AQ6="","",AQ9-AQ36) | AR37: =IF(AR6="","",AR9-AR36) | AT37: 農 業 所 得 | AX37: =IF(AX6="","",AX9-AX36) | AY37: =IF(AY6="","",AY9-AY36) | AZ37: =IF(AZ6="","",AZ9-AZ36) | BA37: =IF(BA6="","",BA9-BA36) | BB37: =IF(BB6="","",BB9-BB36) | BC37: =IF(BC6="","",BC9-BC36)
B38: 減価償却費込み所得 | F38: =IF(F6="","",F37+F23) | G38: =IF(G6="","",G37+G23) | H38: =IF(H6="","",H37+H23) | I38: =IF(I6="","",I37+I23) | J38: =IF(J6="","",J37+J23) | K38: =IF(K6="","",K37+K23) | M38: 減価償却費込み所得 | Q38: =IF(Q6="","",Q37+Q23) | R38: =IF(R6="","",R37+R23) | S38: =IF(S6="","",S37+S23) | T38: =IF(T6="","",T37+T23) | U38: =IF(U6="","",U37+U23) | V38: =IF(V6="","",V37+V23) | X38: 減価償却費込み所得 | AB38: =IF(AB6="","",AB37+AB23) | AC38: =IF(AC6="","",AC37+AC23) | AD38: =IF(AD6="","",AD37+AD23) | AE38: =IF(AE6="","",AE37+AE23) | AF38: =IF(AF6="","",AF37+AF23) | AG38: =IF(AG6="","",AG37+AG23) | AI38: 減価償却費込み所得 | AM38: =IF(AM6="","",AM37+AM23) | AN38: =IF(AN6="","",AN37+AN23) | AO38: =IF(AO6="","",AO37+AO23) | AP38: =IF(AP6="","",AP37+AP23) | AQ38: =IF(AQ6="","",AQ37+AQ23) | AR38: =IF(AR6="","",AR37+AR23) | AT38: 減価償却費込み所得 | AX38: =IF(AX6="","",AX37+AX23) | AY38: =IF(AY6="","",AY37+AY23) | AZ38: =IF(AZ6="","",AZ37+AZ23) | BA38: =IF(BA6="","",BA37+BA23) | BB38: =IF(BB6="","",BB37+BB23) | BC38: =IF(BC6="","",BC37+BC23)

Sheet 収支（年次別）記載不要！
BR2: 参考：６年目
B3: 年次 | E3: 現況 | M3: 年次 | P3: R6 | X3: 年次 | AA3: R7 | AI3: 年次 | AL3: R8 | AT3: 年次 | AW3: R9 | BE3: 年次 | BH3: R10 | BP3: 年次 | BS3: 7年
B5: 品目名 | F5: =IF('収支（品目別）'!$E$3="","",'収支（品目別）'!$E$3) | G5: =IF('収支（品目別）'!$P$3="","",'収支（品目別）'!$P$3) | H5: =IF('収支（品目別）'!$AA$3="","",'収支（品目別）'!$AA$3) | I5: =IF('収支（品目別）'!$AL$3="","",'収支（品目別）'!$AL$3) | J5: =IF('収支（品目別）'!$AW$3="","",'収支（品目別）'!$AW$3) | K5: 合計 | M5: 品目名 | Q5: =IF('収支（品目別）'!$E$3="","",'収支（品目別）'!$E$3) | R5: =IF('収支（品目別）'!$P$3="","",'収支（品目別）'!$P$3) | S5: =IF('収支（品目別）'!$AA$3="","",'収支（品目別）'!$AA$3) | T5: =IF('収支（品目別）'!$AL$3="","",'収支（品目別）'!$AL$3) | U5: =IF('収支（品目別）'!$AW$3="","",'収支（品目別）'!$AW$3) | V5: 合計 | X5: 品目名 | AB5: =IF('収支（品目別）'!$E$3="","",'収支（品目別）'!$E$3) | AC5: =IF('収支（品目別）'!$P$3="","",'収支（品目別）'!$P$3) | AD5: =IF('収支（品目別）'!$AA$3="","",'収支（品目別）'!$AA$3) | AE5: =IF('収支（品目別）'!$AL$3="","",'収支（品目別）'!$AL$3) | AF5: =IF('収支（品目別）'!$AW$3="","",'収支（品目別）'!$AW$3) | AG5: 合計 | AI5: 品目名 | AM5: =IF('収支（品目別）'!$E$3="","",'収支（品目別）'!$E$3) | AN5: =IF('収支（品目別）'!$P$3="","",'収支（品目別）'!$P$3) | AO5: =IF('収支（品目別）'!$AA$3="","",'収支（品目別）'!$AA$3) | AP5: =IF('収支（品目別）'!$AL$3="","",'収支（品目別）'!$AL$3) | AQ5: =IF('収支（品目別）'!$AW$3="","",'収支（品目別）'!$AW$3) | AR5: 合計 | AT5: 品目名 | AX5: =IF('収支（品目別）'!$E$3="","",'収支（品目別）'!$E$3) | AY5: =IF('収支（品目別）'!$P$3="","",'収支（品目別）'!$P$3) | AZ5: =IF('収支（品目別）'!$AA$3="","",'収支（品目別）'!$AA$3) | BA5: =IF('収支（品目別）'!$AL$3="","",'収支（品目別）'!$AL$3) | BB5: =IF('収支（品目別）'!$AW$3="","",'収支（品目別）'!$AW$3) | BC5: 合計 | BE5: 品目名 | BI5: =IF('収支（品目別）'!$E$3="","",'収支（品目別）'!$E$3) | BJ5: =IF('収支（品目別）'!$P$3="","",'収支（品目別）'!$P$3) | BK5: =IF('収支（品目別）'!$AA$3="","",'収支（品目別）'!$AA$3) | BL5: =IF('収支（品目別）'!$AL$3="","",'収支（品目別）'!$AL$3) | BM5: =IF('収支（品目別）'!$AW$3="","",'収支（品目別）'!$AW$3) | BN5: 合計 | BP5: 品目名 | BT5: =IF('収支（品目別）'!$E$3="","",'収支（品目別）'!$E$3) | BU5: =IF('収支（品目別）'!$P$3="","",'収支（品目別）'!$P$3) | BV5: =IF('収支（品目別）'!$AA$3="","",'収支（品目別）'!$AA$3) | BW5: =IF('収支（品目別）'!$AL$3="","",'収支（品目別）'!$AL$3) | BX5: =IF('収支（品目別）'!$AW$3="","",'収支（品目別）'!$AW$3) | BY5: 合計
B6: 収 入 | C6: 面 積 | E6: （ａ） | F6: =IF('収支（品目別）'!F6="","",'収支（品目別）'!F6) | G6: =IF('収支（品目別）'!Q6="","",'収支（品目別）'!Q6) | H6: =IF('収支（品目別）'!AB6="","",'収支（品目別）'!AB6) | I6: =IF('収支（品目別）'!AM6="","",'収支（品目別）'!AM6) | J6: =IF('収支（品目別）'!AX6="","",'収支（品目別）'!AX6) | M6: 収 入 | N6: 面 積 | P6: （ａ） | Q6: =IF('収支（品目別）'!G6="","",'収支（品目別）'!G6) | R6: =IF('収支（品目別）'!R6="","",'収支（品目別）'!R6) | S6: =IF('収支（品目別）'!AC6="","",'収支（品目別）'!AC6) | T6: =IF('収支（品目別）'!AN6="","",'収支（品目別）'!AN6) | U6: =IF('収支（品目別）'!AY6="","",'収支（品目別）'!AY6) | X6: 収 入 | Y6: 面 積 | AA6: （ａ） | AB6: =IF('収支（品目別）'!H6="","",'収支（品目別）'!H6) | AC6: =IF('収支（品目別）'!S6="","",'収支（品目別）'!S6) | AD6: =IF('収支（品目別）'!AD6="","",'収支（品目別）'!AD6) | AE6: =IF('収支（品目別）'!AO6="","",'収支（品目別）'!AO6) | AF6: =IF('収支（品目別）'!AZ6="","",'収支（品目別）'!AZ6) | AI6: 収 入 | AJ6: 面 積 | AL6: （ａ） | AM6: =IF('収支（品目別）'!I6="","",'収支（品目別）'!I6) | AN6: =IF('収支（品目別）'!T6="","",'収支（品目別）'!T6) | AO6: =IF('収支（品目別）'!AE6="","",'収支（品目別）'!AE6) | AP6: =IF('収支（品目別）'!AP6="","",'収支（品目別）'!AP6) | AQ6: =IF('収支（品目別）'!BA6="","",'収支（品目別）'!BA6) | AT6: 収 入 | AU6: 面 積 | AW6: （ａ） | AX6: =IF('収支（品目別）'!J6="","",'収支（品目別）'!J6) | AY6: =IF('収支（品目別）'!U6="","",'収支（品目別）'!U6) | AZ6: =IF('収支（品目別）'!AF6="","",'収支（品目別）'!AF6) | BA6: =IF('収支（品目別）'!AQ6="","",'収支（品目別）'!AQ6) | BB6: =IF('収支（品目別）'!BB6="","",'収支（品目別）'!BB6) | BE6: 収 入 | BF6: 面 積 | BH6: （ａ） | BI6: =IF('収支（品目別）'!K6="","",'収支（品目別）'!K6) | BJ6: =IF('収支（品目別）'!V6="","",'収支（品目別）'!V6) | BK6: =IF('収支（品目別）'!AG6="","",'収支（品目別）'!AG6) | BL6: =IF('収支（品目別）'!AR6="","",'収支（品目別）'!AR6) | BM6: =IF('収支（品目別）'!BC6="","",'収支（品目別）'!BC6) | BP6: 収 入 | BQ6: 面 積 | BS6: （ａ） | BX6: =IF('収支（品目別）'!BN6="","",'収支（品目別）'!BN6)
C7: 単 収 | E7: （kg） | F7: =IF('収支（品目別）'!F7="","",'収支（品目別）'!F7) | G7: =IF('収支（品目別）'!Q7="","",'収支（品目別）'!Q7) | H7: =IF('収支（品目別）'!AB7="","",'収支（品目別）'!AB7) | I7: =IF('収支（品目別）'!AM7="","",'収支（品目別）'!AM7) | J7: =IF('収支（品目別）'!AX7="","",'収支（品目別）'!AX7) | N7: 単 収 | P7: （kg） | Q7: =IF('収支（品目別）'!G7="","",'収支（品目別）'!G7) | R7: =IF('収支（品目別）'!R7="","",'収支（品目別）'!R7) | S7: =IF('収支（品目別）'!AC7="","",'収支（品目別）'!AC7) | T7: =IF('収支（品目別）'!AN7="","",'収支（品目別）'!AN7) | U7: =IF('収支（品目別）'!AY7="","",'収支（品目別）'!AY7) | Y7: 単 収 | AA7: （kg） | AB7: =IF('収支（品目別）'!H7="","",'収支（品目別）'!H7) | AC7: =IF('収支（品目別）'!S7="","",'収支（品目別）'!S7) | AD7: =IF('収支（品目別）'!AD7="","",'収支（品目別）'!AD7) | AE7: =IF('収支（品目別）'!AO7="","",'収支（品目別）'!AO7) | AF7: =IF('収支（品目別）'!AZ7="","",'収支（品目別）'!AZ7) | AJ7: 単 収 | AL7: （kg） | AM7: =IF('収支（品目別）'!I7="","",'収支（品目別）'!I7) | AN7: =IF('収支（品目別）'!T7="","",'収支（品目別）'!T7) | AO7: =IF('収支（品目別）'!AE7="","",'収支（品目別）'!AE7) | AP7: =IF('収支（品目別）'!AP7="","",'収支（品目別）'!AP7) | AQ7: =IF('収支（品目別）'!BA7="","",'収支（品目別）'!BA7) | AU7: 単 収 | AW7: （kg） | AX7: =IF('収支（品目別）'!J7="","",'収支（品目別）'!J7) | AY7: =IF('収支（品目別）'!U7="","",'収支（品目別）'!U7) | AZ7: =IF('収支（品目別）'!AF7="","",'収支（品目別）'!AF7) | BA7: =IF('収支（品目別）'!AQ7="","",'収支（品目別）'!AQ7) | BB7: =IF('収支（品目別）'!BB7="","",'収支（品目別）'!BB7) | BF7: 単 収 | BH7: （kg） | BI7: =IF('収支（品目別）'!K7="","",'収支（品目別）'!K7) | BJ7: =IF('収支（品目別）'!V7="","",'収支（品目別）'!V7) | BK7: =IF('収支（品目別）'!AG7="","",'収支（品目別）'!AG7) | BL7: =IF('収支（品目別）'!AR7="","",'収支（品目別）'!AR7) | BM7: =IF('収支（品目別）'!BC7="","",'収支（品目別）'!BC7) | BQ7: 単 収 | BS7: （kg） | BW7: =IF('収支（品目別）'!BC7="","",'収支（品目別）'!BC7) | BX7: =IF('収支（品目別）'!BN7="","",'収支（品目別）'!BN7)
C8: 単 価 | E8: （円） | F8: =IF('収支（品目別）'!F8="","",'収支（品目別）'!F8) | G8: =IF('収支（品目別）'!Q8="","",'収支（品目別）'!Q8) | H8: =IF('収支（品目別）'!AB8="","",'収支（品目別）'!AB8) | I8: =IF('収支（品目別）'!AM8="","",'収支（品目別）'!AM8) | J8: =IF('収支（品目別）'!AX8="","",'収支（品目別）'!AX8) | N8: 単 価 | P8: （円） | Q8: =IF('収支（品目別）'!G8="","",'収支（品目別）'!G8) | R8: =IF('収支（品目別）'!R8="","",'収支（品目別）'!R8) | S8: =IF('収支（品目別）'!AC8="","",'収支（品目別）'!AC8) | T8: =IF('収支（品目別）'!AN8="","",'収支（品目別）'!AN8) | U8: =IF('収支（品目別）'!AY8="","",'収支（品目別）'!AY8) | Y8: 単 価 | AA8: （円） | AB8: =IF('収支（品目別）'!H8="","",'収支（品目別）'!H8) | AC8: =IF('収支（品目別）'!S8="","",'収支（品目別）'!S8) | AD8: =IF('収支（品目別）'!AD8="","",'収支（品目別）'!AD8) | AE8: =IF('収支（品目別）'!AO8="","",'収支（品目別）'!AO8) | AF8: =IF('収支（品目別）'!AZ8="","",'収支（品目別）'!AZ8) | AJ8: 単 価 | AL8: （円） | AM8: =IF('収支（品目別）'!I8="","",'収支（品目別）'!I8) | AN8: =IF('収支（品目別）'!T8="","",'収支（品目別）'!T8) | AO8: =IF('収支（品目別）'!AE8="","",'収支（品目別）'!AE8) | AP8: =IF('収支（品目別）'!AP8="","",'収支（品目別）'!AP8) | AQ8: =IF('収支（品目別）'!BA8="","",'収支（品目別）'!BA8) | AU8: 単 価 | AW8: （円） | AX8: =IF('収支（品目別）'!J8="","",'収支（品目別）'!J8) | AY8: =IF('収支（品目別）'!U8="","",'収支（品目別）'!U8) | AZ8: =IF('収支（品目別）'!AF8="","",'収支（品目別）'!AF8) | BA8: =IF('収支（品目別）'!AQ8="","",'収支（品目別）'!AQ8) | BB8: =IF('収支（品目別）'!BB8="","",'収支（品目別）'!BB8) | BF8: 単 価 | BH8: （円） | BI8: =IF('収支（品目別）'!K8="","",'収支（品目別）'!K8) | BJ8: =IF('収支（品目別）'!V8="","",'収支（品目別）'!V8) | BK8: =IF('収支（品目別）'!AG8="","",'収支（品目別）'!AG8) | BL8: =IF('収支（品目別）'!AR8="","",'収支（品目別）'!AR8) | BM8: =IF('収支（品目別）'!BC8="","",'収支（品目別）'!BC8) | BQ8: 単 価 | BS8: （円） | BW8: =IF('収支（品目別）'!BC8="","",'収支（品目別）'!BC8) | BX8: =IF('収支（品目別）'!BN8="","",'収支（品目別）'!BN8)
C9: 金 額 | E9: （円） | F9: =IF(F6="","",F6*F7*F8/10) | G9: =IF(G6="","",G6*G7*G8/10) | H9: =IF(H6="","",H6*H7*H8/10) | I9: =IF(I6="","",I6*I7*I8/10) | J9: =IF(J6="","",J6*J7*J8/10) | K9: =SUM(F9:J9) -> 0 | N9: 金 額 | P9: （円） | Q9: =IF(Q6="","",Q6*Q7*Q8/10) | R9: =IF(R6="","",R6*R7*R8/10) | S9: =IF(S6="","",S6*S7*S8/10) | T9: =IF(T6="","",T6*T7*T8/10) | U9: =IF(U6="","",U6*U7*U8/10) | V9: =SUM(Q9:U9) -> 0 | Y9: 金 額 | AA9: （円） | AB9: =IF(AB6="","",AB6*AB7*AB8/10) | AC9: =IF(AC6="","",AC6*AC7*AC8/10) | AD9: =IF(AD6="","",AD6*AD7*AD8/10) | AE9: =IF(AE6="","",AE6*AE7*AE8/10) | AF9: =IF(AF6="","",AF6*AF7*AF8/10) | AG9: =SUM(AB9:AF9) -> 0 | AJ9: 金 額 | AL9: （円） | AM9: =IF(AM6="","",AM6*AM7*AM8/10) | AN9: =IF(AN6="","",AN6*AN7*AN8/10) | AO9: =IF(AO6="","",AO6*AO7*AO8/10) | AP9: =IF(AP6="","",AP6*AP7*AP8/10) | AQ9: =IF(AQ6="","",AQ6*AQ7*AQ8/10) | AR9: =SUM(AM9:AQ9) -> 0 | AU9: 金 額 | AW9: （円） | AX9: =IF(AX6="","",AX6*AX7*AX8/10) | AY9: =IF(AY6="","",AY6*AY7*AY8/10) | AZ9: =IF(AZ6="","",AZ6*AZ7*AZ8/10) | BA9: =IF(BA6="","",BA6*BA7*BA8/10) | BB9: =IF(BB6="","",BB6*BB7*BB8/10) | BC9: =SUM(AX9:BB9) -> 0 | BF9: 金 額 | BH9: （円） | BI9: =IF(BI6="","",BI6*BI7*BI8/10) | BJ9: =IF(BJ6="","",BJ6*BJ7*BJ8/10) | BK9: =IF(BK6="","",BK6*BK7*BK8/10) | BL9: =IF(BL6="","",BL6*BL7*BL8/10) | BM9: =IF(BM6="","",BM6*BM7*BM8/10) | BN9: =SUM(BI9:BM9) -> 0 | BQ9: 金 額 | BS9: （円） | BT9: =IF(BT6="","",BT6*BT7*BT8/10) | BU9: =IF(BU6="","",BU6*BU7*BU8/10) | BV9: =IF(BV6="","",BV6*BV7*BV8/10) | BW9: =IF(BW6="","",BW6*BW7*BW8/10) | BX9: =IF(BX6="","",BX6*BX7*BX8/10) | BY9: =SUM(BT9:BX9) -> 0
B10: 農 業 経 営 費 | C10: 種苗費 | F10: =IF('収支（品目別）'!F10="","",'収支（品目別）'!F10) | G10: =IF('収支（品目別）'!Q10="","",'収支（品目別）'!Q10) | H10: =IF('収支（品目別）'!AB10="","",'収支（品目別）'!AB10) | I10: =IF('収支（品目別）'!AM10="","",'収支（品目別）'!AM10) | J10: =IF('収支（品目別）'!AX10="","",'収支（品目別）'!AX10) | K10: =SUM(F10:J10) -> 0 | M10: 農 業 経 営 費 | N10: 種苗費 | Q10: =IF('収支（品目別）'!G10="","",'収支（品目別）'!G10) | R10: =IF('収支（品目別）'!R10="","",'収支（品目別）'!R10) | S10: =IF('収支（品目別）'!AC10="","",'収支（品目別）'!AC10) | T10: =IF('収支（品目別）'!AN10="","",'収支（品目別）'!AN10) | U10: =IF('収支（品目別）'!AY10="","",'収支（品目別）'!AY10) | V10: =SUM(Q10:U10) -> 0 | X10: 農 業 経 営 費 | Y10: 種苗費 | AB10: =IF('収支（品目別）'!H10="","",'収支（品目別）'!H10) | AC10: =IF('収支（品目別）'!S10="","",'収支（品目別）'!S10) | AD10: =IF('収支（品目別）'!AD10="","",'収支（品目別）'!AD10) | AE10: =IF('収支（品目別）'!AO10="","",'収支（品目別）'!AO10) | AF10: =IF('収支（品目別）'!AZ10="","",'収支（品目別）'!AZ10) | AG10: =SUM(AB10:AF10) -> 0 | AI10: 農 業 経 営 費 | AJ10: 種苗費 | AM10: =IF('収支（品目別）'!I10="","",'収支（品目別）'!I10) | AN10: =IF('収支（品目別）'!T10="","",'収支（品目別）'!T10) | AO10: =IF('収支（品目別）'!AE10="","",'収支（品目別）'!AE10) | AP10: =IF('収支（品目別）'!AP10="","",'収支（品目別）'!AP10) | AQ10: =IF('収支（品目別）'!BA10="","",'収支（品目別）'!BA10) | AR10: =SUM(AM10:AQ10) -> 0 | AT10: 農 業 経 営 費 | AU10: 種苗費 | AX10: =IF('収支（品目別）'!J10="","",'収支（品目別）'!J10) | AY10: =IF('収支（品目別）'!U10="","",'収支（品目別）'!U10) | AZ10: =IF('収支（品目別）'!AF10="","",'収支（品目別）'!AF10) | BA10: =IF('収支（品目別）'!AQ10="","",'収支（品目別）'!AQ10) | BB10: =IF('収支（品目別）'!BB10="","",'収支（品目別）'!BB10) | BC10: =SUM(AX10:BB10) -> 0 | BE10: 農 業 経 営 費 | BF10: 種苗費 | BI10: =IF('収支（品目別）'!K10="","",'収支（品目別）'!K10) | BJ10: =IF('収支（品目別）'!V10="","",'収支（品目別）'!V10) | BK10: =IF('収支（品目別）'!AG10="","",'収支（品目別）'!AG10) | BL10: =IF('収支（品目別）'!AR10="","",'収支（品目別）'!AR10) | BM10: =IF('収支（品目別）'!BC10="","",'収支（品目別）'!BC10) | BN10: =SUM(BI10:BM10) -> 0 | BP10: 農 業 経 営 費 | BQ10: 種苗費 | BT10: =BI10 | BU10: =BJ10 | BV10: =BK10*2 -> #VALUE! | BW10: =IF('収支（品目別）'!BC10="","",'収支（品目別）'!BC10) | BX10: =IF('収支（品目別）'!BN10="","",'収支（品目別）'!BN10) | BY10: =SUM(BT10:BX10) -> #VALUE!
C11: 肥料費 | F11: =IF('収支（品目別）'!F11="","",'収支（品目別）'!F11) | G11: =IF('収支（品目別）'!Q11="","",'収支（品目別）'!Q11) | H11: =IF('収支（品目別）'!AB11="","",'収支（品目別）'!AB11) | I11: =IF('収支（品目別）'!AM11="","",'収支（品目別）'!AM11) | J11: =IF('収支（品目別）'!AX11="","",'収支（品目別）'!AX11) | K11: =SUM(F11:J11) -> 0 | N11: 肥料費 | Q11: =IF('収支（品目別）'!G11="","",'収支（品目別）'!G11) | R11: =IF('収支（品目別）'!R11="","",'収支（品目別）'!R11) | S11: =IF('収支（品目別）'!AC11="","",'収支（品目別）'!AC11) | T11: =IF('収支（品目別）'!AN11="","",'収支（品目別）'!AN11) | U11: =IF('収支（品目別）'!AY11="","",'収支（品目別）'!AY11) | V11: =SUM(Q11:U11) -> 0 | Y11: 肥料費 | AB11: =IF('収支（品目別）'!H11="","",'収支（品目別）'!H11) | AC11: =IF('収支（品目別）'!S11="","",'収支（品目別）'!S11) | AD11: =IF('収支（品目別）'!AD11="","",'収支（品目別）'!AD11) | AE11: =IF('収支（品目別）'!AO11="","",'収支（品目別）'!AO11) | AF11: =IF('収支（品目別）'!AZ11="","",'収支（品目別）'!AZ11) | AG11: =SUM(AB11:AF11) -> 0 | AJ11: 肥料費 | AM11: =IF('収支（品目別）'!I11="","",'収支（品目別）'!I11) | AN11: =IF('収支（品目別）'!T11="","",'収支（品目別）'!T11) | AO11: =IF('収支（品目別）'!AE11="","",'収支（品目別）'!AE11) | AP11: =IF('収支（品目別）'!AP11="","",'収支（品目別）'!AP11) | AQ11: =IF('収支（品目別）'!BA11="","",'収支（品目別）'!BA11) | AR11: =SUM(AM11:AQ11) -> 0 | AU11: 肥料費 | AX11: =IF('収支（品目別）'!J11="","",'収支（品目別）'!J11) | AY11: =IF('収支（品目別）'!U11="","",'収支（品目別）'!U11) | AZ11: =IF('収支（品目別）'!AF11="","",'収支（品目別）'!AF11) | BA11: =IF('収支（品目別）'!AQ11="","",'収支（品目別）'!AQ11) | BB11: =IF('収支（品目別）'!BB11="","",'収支（品目別）'!BB11) | BC11: =SUM(AX11:BB11) -> 0 | BF11: 肥料費 | BI11: =IF('収支（品目別）'!K11="","",'収支（品目別）'!K11) | BJ11: =IF('収支（品目別）'!V11="","",'収支（品目別）'!V11) | BK11: =IF('収支（品目別）'!AG11="","",'収支（品目別）'!AG11) | BL11: =IF('収支（品目別）'!AR11="","",'収支（品目別）'!AR11) | BM11: =IF('収支（品目別）'!BC11="","",'収支（品目別）'!BC11) | BN11: =SUM(BI11:BM11) -> 0 | BQ11: 肥料費 | BT11: =BI11 | BU11: =BJ11 | BV11: =BK11*2 -> #VALUE! | BW11: =IF('収支（品目別）'!BC11="","",'収支（品目別）'!BC11) | BX11: =IF('収支（品目別）'!BN11="","",'収支（品目別）'!BN11) | BY11: =SUM(BT11:BX11) -> #VALUE!
C12: 素畜費・種付費 | F12: =IF('収支（品目別）'!F12="","",'収支（品目別）'!F12) | G12: =IF('収支（品目別）'!Q12="","",'収支（品目別）'!Q12) | H12: =IF('収支（品目別）'!AB12="","",'収支（品目別）'!AB12) | I12: =IF('収支（品目別）'!AM12="","",'収支（品目別）'!AM12) | J12: =IF('収支（品目別）'!AX12="","",'収支（品目別）'!AX12) | K12: =SUM(F12:J12) -> 0 | N12: 素畜費・種付費 | Q12: =IF('収支（品目別）'!G12="","",'収支（品目別）'!G12) | R12: =IF('収支（品目別）'!R12="","",'収支（品目別）'!R12) | S12: =IF('収支（品目別）'!AC12="","",'収支（品目別）'!AC12) | T12: =IF('収支（品目別）'!AN12="","",'収支（品目別）'!AN12) | U12: =IF('収支（品目別）'!AY12="","",'収支（品目別）'!AY12) | V12: =SUM(Q12:U12) -> 0 | Y12: 素畜費・種付費 | AB12: =IF('収支（品目別）'!H12="","",'収支（品目別）'!H12) | AC12: =IF('収支（品目別）'!S12="","",'収支（品目別）'!S12) | AD12: =IF('収支（品目別）'!AD12="","",'収支（品目別）'!AD12) | AE12: =IF('収支（品目別）'!AO12="","",'収支（品目別）'!AO12) | AF12: =IF('収支（品目別）'!AZ12="","",'収支（品目別）'!AZ12) | AG12: =SUM(AB12:AF12) -> 0 | AJ12: 素畜費・種付費 | AM12: =IF('収支（品目別）'!I12="","",'収支（品目別）'!I12) | AN12: =IF('収支（品目別）'!T12="","",'収支（品目別）'!T12) | AO12: =IF('収支（品目別）'!AE12="","",'収支（品目別）'!AE12) | AP12: =IF('収支（品目別）'!AP12="","",'収支（品目別）'!AP12) | AQ12: =IF('収支（品目別）'!BA12="","",'収支（品目別）'!BA12) | AR12: =SUM(AM12:AQ12) -> 0 | AU12: 素畜費・種付費 | AX12: =IF('収支（品目別）'!J12="","",'収支（品目別）'!J12) | AY12: =IF('収支（品目別）'!U12="","",'収支（品目別）'!U12) | AZ12: =IF('収支（品目別）'!AF12="","",'収支（品目別）'!AF12) | BA12: =IF('収支（品目別）'!AQ12="","",'収支（品目別）'!AQ12) | BB12: =IF('収支（品目別）'!BB12="","",'収支（品目別）'!BB12) | BC12: =SUM(AX12:BB12) -> 0 | BF12: 素畜費・種付費 | BI12: =IF('収支（品目別）'!K12="","",'収支（品目別）'!K12) | BJ12: =IF('収支（品目別）'!V12="","",'収支（品目別）'!V12) | BK12: =IF('収支（品目別）'!AG12="","",'収支（品目別）'!AG12) | BL12: =IF('収支（品目別）'!AR12="","",'収支（品目別）'!AR12) | BM12: =IF('収支（品目別）'!BC12="","",'収支（品目別）'!BC12) | BN12: =SUM(BI12:BM12) -> 0 | BQ12: 素畜費・種付費 | BT12: =BI12 | BU12: =BJ12 | BV12: =BK12*2 -> #VALUE! | BW12: =IF('収支（品目別）'!BC12="","",'収支（品目別）'!BC12) | BX12: =IF('収支（品目別）'!BN12="","",'収支（品目別）'!BN12) | BY12: =SUM(BT12:BX12) -> #VALUE!
C13: 飼料費 | F13: =IF('収支（品目別）'!F13="","",'収支（品目別）'!F13) | G13: =IF('収支（品目別）'!Q13="","",'収支（品目別）'!Q13) | H13: =IF('収支（品目別）'!AB13="","",'収支（品目別）'!AB13) | I13: =IF('収支（品目別）'!AM13="","",'収支（品目別）'!AM13) | J13: =IF('収支（品目別）'!AX13="","",'収支（品目別）'!AX13) | K13: =SUM(F13:J13) -> 0 | N13: 飼料費 | Q13: =IF('収支（品目別）'!G13="","",'収支（品目別）'!G13) | R13: =IF('収支（品目別）'!R13="","",'収支（品目別）'!R13) | S13: =IF('収支（品目別）'!AC13="","",'収支（品目別）'!AC13) | T13: =IF('収支（品目別）'!AN13="","",'収支（品目別）'!AN13) | U13: =IF('収支（品目別）'!AY13="","",'収支（品目別）'!AY13) | V13: =SUM(Q13:U13) -> 0 | Y13: 飼料費 | AB13: =IF('収支（品目別）'!H13="","",'収支（品目別）'!H13) | AC13: =IF('収支（品目別）'!S13="","",'収支（品目別）'!S13) | AD13: =IF('収支（品目別）'!AD13="","",'収支（品目別）'!AD13) | AE13: =IF('収支（品目別）'!AO13="","",'収支（品目別）'!AO13) | AF13: =IF('収支（品目別）'!AZ13="","",'収支（品目別）'!AZ13) | AG13: =SUM(AB13:AF13) -> 0 | AJ13: 飼料費 | AM13: =IF('収支（品目別）'!I13="","",'収支（品目別）'!I13) | AN13: =IF('収支（品目別）'!T13="","",'収支（品目別）'!T13) | AO13: =IF('収支（品目別）'!AE13="","",'収支（品目別）'!AE13) | AP13: =IF('収支（品目別）'!AP13="","",'収支（品目別）'!AP13) | AQ13: =IF('収支（品目別）'!BA13="","",'収支（品目別）'!BA13) | AR13: =SUM(AM13:AQ13) -> 0 | AU13: 飼料費 | AX13: =IF('収支（品目別）'!J13="","",'収支（品目別）'!J13) | AY13: =IF('収支（品目別）'!U13="","",'収支（品目別）'!U13) | AZ13: =IF('収支（品目別）'!AF13="","",'収支（品目別）'!AF13) | BA13: =IF('収支（品目別）'!AQ13="","",'収支（品目別）'!AQ13) | BB13: =IF('収支（品目別）'!BB13="","",'収支（品目別）'!BB13) | BC13: =SUM(AX13:BB13) -> 0 | BF13: 飼料費 | BI13: =IF('収支（品目別）'!K13="","",'収支（品目別）'!K13) | BJ13: =IF('収支（品目別）'!V13="","",'収支（品目別）'!V13) | BK13: =IF('収支（品目別）'!AG13="","",'収支（品目別）'!AG13) | BL13: =IF('収支（品目別）'!AR13="","",'収支（品目別）'!AR13) | BM13: =IF('収支（品目別）'!BC13="","",'収支（品目別）'!BC13) | BN13: =SUM(BI13:BM13) -> 0 | BQ13: 飼料費 | BT13: =BI13 | BU13: =BJ13 | BV13: =BK13*2 -> #VALUE! | BW13: =IF('収支（品目別）'!BC13="","",'収支（品目別）'!BC13) | BX13: =IF('収支（品目別）'!BN13="","",'収支（品目別）'!BN13) | BY13: =SUM(BT13:BX13) -> #VALUE!
C14: 農薬・衛生費 | F14: =IF('収支（品目別）'!F14="","",'収支（品目別）'!F14) | G14: =IF('収支（品目別）'!Q14="","",'収支（品目別）'!Q14) | H14: =IF('収支（品目別）'!AB14="","",'収支（品目別）'!AB14) | I14: =IF('収支（品目別）'!AM14="","",'収支（品目別）'!AM14) | J14: =IF('収支（品目別）'!AX14="","",'収支（品目別）'!AX14) | K14: =SUM(F14:J14) -> 0 | N14: 農薬・衛生費 | Q14: =IF('収支（品目別）'!G14="","",'収支（品目別）'!G14) | R14: =IF('収支（品目別）'!R14="","",'収支（品目別）'!R14) | S14: =IF('収支（品目別）'!AC14="","",'収支（品目別）'!AC14) | T14: =IF('収支（品目別）'!AN14="","",'収支（品目別）'!AN14) | U14: =IF('収支（品目別）'!AY14="","",'収支（品目別）'!AY14) | V14: =SUM(Q14:U14) -> 0 | Y14: 農薬・衛生費 | AB14: =IF('収支（品目別）'!H14="","",'収支（品目別）'!H14) | AC14: =IF('収支（品目別）'!S14="","",'収支（品目別）'!S14) | AD14: =IF('収支（品目別）'!AD14="","",'収支（品目別）'!AD14) | AE14: =IF('収支（品目別）'!AO14="","",'収支（品目別）'!AO14) | AF14: =IF('収支（品目別）'!AZ14="","",'収支（品目別）'!AZ14) | AG14: =SUM(AB14:AF14) -> 0 | AJ14: 農薬・衛生費 | AM14: =IF('収支（品目別）'!I14="","",'収支（品目別）'!I14) | AN14: =IF('収支（品目別）'!T14="","",'収支（品目別）'!T14) | AO14: =IF('収支（品目別）'!AE14="","",'収支（品目別）'!AE14) | AP14: =IF('収支（品目別）'!AP14="","",'収支（品目別）'!AP14) | AQ14: =IF('収支（品目別）'!BA14="","",'収支（品目別）'!BA14) | AR14: =SUM(AM14:AQ14) -> 0 | AU14: 農薬・衛生費 | AX14: =IF('収支（品目別）'!J14="","",'収支（品目別）'!J14) | AY14: =IF('収支（品目別）'!U14="","",'収支（品目別）'!U14) | AZ14: =IF('収支（品目別）'!AF14="","",'収支（品目別）'!AF14) | BA14: =IF('収支（品目別）'!AQ14="","",'収支（品目別）'!AQ14) | BB14: =IF('収支（品目別）'!BB14="","",'収支（品目別）'!BB14) | BC14: =SUM(AX14:BB14) -> 0 | BF14: 農薬・衛生費 | BI14: =IF('収支（品目別）'!K14="","",'収支（品目別）'!K14) | BJ14: =IF('収支（品目別）'!V14="","",'収支（品目別）'!V14) | BK14: =IF('収支（品目別）'!AG14="","",'収支（品目別）'!AG14) | BL14: =IF('収支（品目別）'!AR14="","",'収支（品目別）'!AR14) | BM14: =IF('収支（品目別）'!BC14="","",'収支（品目別）'!BC14) | BN14: =SUM(BI14:BM14) -> 0 | BQ14: 農薬・衛生費 | BT14: =BI14 | BU14: =BJ14 | BV14: =BK14*2 -> #VALUE! | BW14: =IF('収支（品目別）'!BC14="","",'収支（品目別）'!BC14) | BX14: =IF('収支（品目別）'!BN14="","",'収支（品目別）'!BN14) | BY14: =SUM(BT14:BX14) -> #VALUE!
C15: 動力光熱費 | F15: =IF('収支（品目別）'!F15="","",'収支（品目別）'!F15) | G15: =IF('収支（品目別）'!Q15="","",'収支（品目別）'!Q15) | H15: =IF('収支（品目別）'!AB15="","",'収支（品目別）'!AB15) | I15: =IF('収支（品目別）'!AM15="","",'収支（品目別）'!AM15) | J15: =IF('収支（品目別）'!AX15="","",'収支（品目別）'!AX15) | K15: =SUM(F15:J15) -> 0 | N15: 動力光熱費 | Q15: =IF('収支（品目別）'!G15="","",'収支（品目別）'!G15) | R15: =IF('収支（品目別）'!R15="","",'収支（品目別）'!R15) | S15: =IF('収支（品目別）'!AC15="","",'収支（品目別）'!AC15) | T15: =IF('収支（品目別）'!AN15="","",'収支（品目別）'!AN15) | U15: =IF('収支（品目別）'!AY15="","",'収支（品目別）'!AY15) | V15: =SUM(Q15:U15) -> 0 | Y15: 動力光熱費 | AB15: =IF('収支（品目別）'!H15="","",'収支（品目別）'!H15) | AC15: =IF('収支（品目別）'!S15="","",'収支（品目別）'!S15) | AD15: =IF('収支（品目別）'!AD15="","",'収支（品目別）'!AD15) | AE15: =IF('収支（品目別）'!AO15="","",'収支（品目別）'!AO15) | AF15: =IF('収支（品目別）'!AZ15="","",'収支（品目別）'!AZ15) | AG15: =SUM(AB15:AF15) -> 0 | AJ15: 動力光熱費 | AM15: =IF('収支（品目別）'!I15="","",'収支（品目別）'!I15) | AN15: =IF('収支（品目別）'!T15="","",'収支（品目別）'!T15) | AO15: =IF('収支（品目別）'!AE15="","",'収支（品目別）'!AE15) | AP15: =IF('収支（品目別）'!AP15="","",'収支（品目別）'!AP15) | AQ15: =IF('収支（品目別）'!BA15="","",'収支（品目別）'!BA15) | AR15: =SUM(AM15:AQ15) -> 0 | AU15: 動力光熱費 | AX15: =IF('収支（品目別）'!J15="","",'収支（品目別）'!J15) | AY15: =IF('収支（品目別）'!U15="","",'収支（品目別）'!U15) | AZ15: =IF('収支（品目別）'!AF15="","",'収支（品目別）'!AF15) | BA15: =IF('収支（品目別）'!AQ15="","",'収支（品目別）'!AQ15) | BB15: =IF('収支（品目別）'!BB15="","",'収支（品目別）'!BB15) | BC15: =SUM(AX15:BB15) -> 0 | BF15: 動力光熱費 | BI15: =IF('収支（品目別）'!K15="","",'収支（品目別）'!K15) | BJ15: =IF('収支（品目別）'!V15="","",'収支（品目別）'!V15) | BK15: =IF('収支（品目別）'!AG15="","",'収支（品目別）'!AG15) | BL15: =IF('収支（品目別）'!AR15="","",'収支（品目別）'!AR15) | BM15: =IF('収支（品目別）'!BC15="","",'収支（品目別）'!BC15) | BN15: =SUM(BI15:BM15) -> 0 | BQ15: 動力光熱費 | BT15: =BI15 | BU15: =BJ15 | BV15: =BK15*2 -> #VALUE! | BW15: =IF('収支（品目別）'!BC15="","",'収支（品目別）'!BC15) | BX15: =IF('収支（品目別）'!BN15="","",'収支（品目別）'!BN15) | BY15: =SUM(BT15:BX15) -> #VALUE!
C16: 諸材料費・敷料費 | F16: =IF('収支（品目別）'!F16="","",'収支（品目別）'!F16) | G16: =IF('収支（品目別）'!Q16="","",'収支（品目別）'!Q16) | H16: =IF('収支（品目別）'!AB16="","",'収支（品目別）'!AB16) | I16: =IF('収支（品目別）'!AM16="","",'収支（品目別）'!AM16) | J16: =IF('収支（品目別）'!AX16="","",'収支（品目別）'!AX16) | K16: =SUM(F16:J16) -> 0 | N16: 諸材料費・敷料費 | Q16: =IF('収支（品目別）'!G16="","",'収支（品目別）'!G16) | R16: =IF('収支（品目別）'!R16="","",'収支（品目別）'!R16) | S16: =IF('収支（品目別）'!AC16="","",'収支（品目別）'!AC16) | T16: =IF('収支（品目別）'!AN16="","",'収支（品目別）'!AN16) | U16: =IF('収支（品目別）'!AY16="","",'収支（品目別）'!AY16) | V16: =SUM(Q16:U16) -> 0 | Y16: 諸材料費・敷料費 | AB16: =IF('収支（品目別）'!H16="","",'収支（品目別）'!H16) | AC16: =IF('収支（品目別）'!S16="","",'収支（品目別）'!S16) | AD16: =IF('収支（品目別）'!AD16="","",'収支（品目別）'!AD16) | AE16: =IF('収支（品目別）'!AO16="","",'収支（品目別）'!AO16) | AF16: =IF('収支（品目別）'!AZ16="","",'収支（品目別）'!AZ16) | AG16: =SUM(AB16:AF16) -> 0 | AJ16: 諸材料費・敷料費 | AM16: =IF('収支（品目別）'!I16="","",'収支（品目別）'!I16) | AN16: =IF('収支（品目別）'!T16="","",'収支（品目別）'!T16) | AO16: =IF('収支（品目別）'!AE16="","",'収支（品目別）'!AE16) | AP16: =IF('収支（品目別）'!AP16="","",'収支（品目別）'!AP16) | AQ16: =IF('収支（品目別）'!BA16="","",'収支（品目別）'!BA16) | AR16: =SUM(AM16:AQ16) -> 0 | AU16: 諸材料費・敷料費 | AX16: =IF('収支（品目別）'!J16="","",'収支（品目別）'!J16) | AY16: =IF('収支（品目別）'!U16="","",'収支（品目別）'!U16) | AZ16: =IF('収支（品目別）'!AF16="","",'収支（品目別）'!AF16) | BA16: =IF('収支（品目別）'!AQ16="","",'収支（品目別）'!AQ16) | BB16: =IF('収支（品目別）'!BB16="","",'収支（品目別）'!BB16) | BC16: =SUM(AX16:BB16) -> 0 | BF16: 諸材料費・敷料費 | BI16: =IF('収支（品目別）'!K16="","",'収支（品目別）'!K16) | BJ16: =IF('収支（品目別）'!V16="","",'収支（品目別）'!V16) | BK16: =IF('収支（品目別）'!AG16="","",'収支（品目別）'!AG16) | BL16: =IF('収支（品目別）'!AR16="","",'収支（品目別）'!AR16) | BM16: =IF('収支（品目別）'!BC16="","",'収支（品目別）'!BC16) | BN16: =SUM(BI16:BM16) -> 0 | BQ16: 諸材料費・敷料費 | BT16: =BI16 | BU16: =BJ16 | BV16: =BK16*2 -> #VALUE! | BW16: =IF('収支（品目別）'!BC16="","",'収支（品目別）'!BC16) | BX16: =IF('収支（品目別）'!BN16="","",'収支（品目別）'!BN16) | BY16: =SUM(BT16:BX16) -> #VALUE!
C17: 小農具・作業衣料費 | F17: =IF('収支（品目別）'!F17="","",'収支（品目別）'!F17) | G17: =IF('収支（品目別）'!Q17="","",'収支（品目別）'!Q17) | H17: =IF('収支（品目別）'!AB17="","",'収支（品目別）'!AB17) | I17: =IF('収支（品目別）'!AM17="","",'収支（品目別）'!AM17) | J17: =IF('収支（品目別）'!AX17="","",'収支（品目別）'!AX17) | K17: =SUM(F17:J17) -> 0 | N17: 小農具・作業衣料費 | Q17: =IF('収支（品目別）'!G17="","",'収支（品目別）'!G17) | R17: =IF('収支（品目別）'!R17="","",'収支（品目別）'!R17) | S17: =IF('収支（品目別）'!AC17="","",'収支（品目別）'!AC17) | T17: =IF('収支（品目別）'!AN17="","",'収支（品目別）'!AN17) | U17: =IF('収支（品目別）'!AY17="","",'収支（品目別）'!AY17) | V17: =SUM(Q17:U17) -> 0 | Y17: 小農具・作業衣料費 | AB17: =IF('収支（品目別）'!H17="","",'収支（品目別）'!H17) | AC17: =IF('収支（品目別）'!S17="","",'収支（品目別）'!S17) | AD17: =IF('収支（品目別）'!AD17="","",'収支（品目別）'!AD17) | AE17: =IF('収支（品目別）'!AO17="","",'収支（品目別）'!AO17) | AF17: =IF('収支（品目別）'!AZ17="","",'収支（品目別）'!AZ17) | AG17: =SUM(AB17:AF17) -> 0 | AJ17: 小農具・作業衣料費 | AM17: =IF('収支（品目別）'!I17="","",'収支（品目別）'!I17) | AN17: =IF('収支（品目別）'!T17="","",'収支（品目別）'!T17) | AO17: =IF('収支（品目別）'!AE17="","",'収支（品目別）'!AE17) | AP17: =IF('収支（品目別）'!AP17="","",'収支（品目別）'!AP17) | AQ17: =IF('収支（品目別）'!BA17="","",'収支（品目別）'!BA17) | AR17: =SUM(AM17:AQ17) -> 0 | AU17: 小農具・作業衣料費 | AX17: =IF('収支（品目別）'!J17="","",'収支（品目別）'!J17) | AY17: =IF('収支（品目別）'!U17="","",'収支（品目別）'!U17) | AZ17: =IF('収支（品目別）'!AF17="","",'収支（品目別）'!AF17) | BA17: =IF('収支（品目別）'!AQ17="","",'収支（品目別）'!AQ17) | BB17: =IF('収支（品目別）'!BB17="","",'収支（品目別）'!BB17) | BC17: =SUM(AX17:BB17) -> 0 | BF17: 小農具・作業衣料費 | BI17: =IF('収支（品目別）'!K17="","",'収支（品目別）'!K17) | BJ17: =IF('収支（品目別）'!V17="","",'収支（品目別）'!V17) | BK17: =IF('収支（品目別）'!AG17="","",'収支（品目別）'!AG17) | BL17: =IF('収支（品目別）'!AR17="","",'収支（品目別）'!AR17) | BM17: =IF('収支（品目別）'!BC17="","",'収支（品目別）'!BC17) | BN17: =SUM(BI17:BM17) -> 0 | BQ17: 小農具・作業衣料費 | BT17: =BI17 | BU17: =BJ17 | BV17: =BK17*2 -> #VALUE! | BW17: =IF('収支（品目別）'!BC17="","",'収支（品目別）'!BC17) | BX17: =IF('収支（品目別）'!BN17="","",'収支（品目別）'!BN17) | BY17: =SUM(BT17:BX17) -> #VALUE!
C18: 賃借料・料金 | F18: =IF('収支（品目別）'!F18="","",'収支（品目別）'!F18) | G18: =IF('収支（品目別）'!Q18="","",'収支（品目別）'!Q18) | H18: =IF('収支（品目別）'!AB18="","",'収支（品目別）'!AB18) | I18: =IF('収支（品目別）'!AM18="","",'収支（品目別）'!AM18) | J18: =IF('収支（品目別）'!AX18="","",'収支（品目別）'!AX18) | K18: =SUM(F18:J18) -> 0 | N18: 賃借料・料金 | Q18: =IF('収支（品目別）'!G18="","",'収支（品目別）'!G18) | R18: =IF('収支（品目別）'!R18="","",'収支（品目別）'!R18) | S18: =IF('収支（品目別）'!AC18="","",'収支（品目別）'!AC18) | T18: =IF('収支（品目別）'!AN18="","",'収支（品目別）'!AN18) | U18: =IF('収支（品目別）'!AY18="","",'収支（品目別）'!AY18) | V18: =SUM(Q18:U18) -> 0 | Y18: 賃借料・料金 | AB18: =IF('収支（品目別）'!H18="","",'収支（品目別）'!H18) | AC18: =IF('収支（品目別）'!S18="","",'収支（品目別）'!S18) | AD18: =IF('収支（品目別）'!AD18="","",'収支（品目別）'!AD18) | AE18: =IF('収支（品目別）'!AO18="","",'収支（品目別）'!AO18) | AF18: =IF('収支（品目別）'!AZ18="","",'収支（品目別）'!AZ18) | AG18: =SUM(AB18:AF18) -> 0 | AJ18: 賃借料・料金 | AM18: =IF('収支（品目別）'!I18="","",'収支（品目別）'!I18) | AN18: =IF('収支（品目別）'!T18="","",'収支（品目別）'!T18) | AO18: =IF('収支（品目別）'!AE18="","",'収支（品目別）'!AE18) | AP18: =IF('収支（品目別）'!AP18="","",'収支（品目別）'!AP18) | AQ18: =IF('収支（品目別）'!BA18="","",'収支（品目別）'!BA18) | AR18: =SUM(AM18:AQ18) -> 0 | AU18: 賃借料・料金 | AX18: =IF('収支（品目別）'!J18="","",'収支（品目別）'!J18) | AY18: =IF('収支（品目別）'!U18="","",'収支（品目別）'!U18) | AZ18: =IF('収支（品目別）'!AF18="","",'収支（品目別）'!AF18) | BA18: =IF('収支（品目別）'!AQ18="","",'収支（品目別）'!AQ18) | BB18: =IF('収支（品目別）'!BB18="","",'収支（品目別）'!BB18) | BC18: =SUM(AX18:BB18) -> 0 | BF18: 賃借料・料金 | BI18: =IF('収支（品目別）'!K18="","",'収支（品目別）'!K18) | BJ18: =IF('収支（品目別）'!V18="","",'収支（品目別）'!V18) | BK18: =IF('収支（品目別）'!AG18="","",'収支（品目別）'!AG18) | BL18: =IF('収支（品目別）'!AR18="","",'収支（品目別）'!AR18) | BM18: =IF('収支（品目別）'!BC18="","",'収支（品目別）'!BC18) | BN18: =SUM(BI18:BM18) -> 0 | BQ18: 賃借料・料金 | BT18: =BI18 | BU18: =BJ18 | BV18: =BK18*2 -> #VALUE! | BW18: =IF('収支（品目別）'!BC18="","",'収支（品目別）'!BC18) | BX18: =IF('収支（品目別）'!BN18="","",'収支（品目別）'!BN18) | BY18: =SUM(BT18:BX18) -> #VALUE!
C19: 物件税・租税公課 | F19: =IF('収支（品目別）'!F19="","",'収支（品目別）'!F19) | G19: =IF('収支（品目別）'!Q19="","",'収支（品目別）'!Q19) | H19: =IF('収支（品目別）'!AB19="","",'収支（品目別）'!AB19) | I19: =IF('収支（品目別）'!AM19="","",'収支（品目別）'!AM19) | J19: =IF('収支（品目別）'!AX19="","",'収支（品目別）'!AX19) | K19: =SUM(F19:J19) -> 0 | N19: 物件税・租税公課 | Q19: =IF('収支（品目別）'!G19="","",'収支（品目別）'!G19) | R19: =IF('収支（品目別）'!R19="","",'収支（品目別）'!R19) | S19: =IF('収支（品目別）'!AC19="","",'収支（品目別）'!AC19) | T19: =IF('収支（品目別）'!AN19="","",'収支（品目別）'!AN19) | U19: =IF('収支（品目別）'!AY19="","",'収支（品目別）'!AY19) | V19: =SUM(Q19:U19) -> 0 | Y19: 物件税・租税公課 | AB19: =IF('収支（品目別）'!H19="","",'収支（品目別）'!H19) | AC19: =IF('収支（品目別）'!S19="","",'収支（品目別）'!S19) | AD19: =IF('収支（品目別）'!AD19="","",'収支（品目別）'!AD19) | AE19: =IF('収支（品目別）'!AO19="","",'収支（品目別）'!AO19) | AF19: =IF('収支（品目別）'!AZ19="","",'収支（品目別）'!AZ19) | AG19: =SUM(AB19:AF19) -> 0 | AJ19: 物件税・租税公課 | AM19: =IF('収支（品目別）'!I19="","",'収支（品目別）'!I19) | AN19: =IF('収支（品目別）'!T19="","",'収支（品目別）'!T19) | AO19: =IF('収支（品目別）'!AE19="","",'収支（品目別）'!AE19) | AP19: =IF('収支（品目別）'!AP19="","",'収支（品目別）'!AP19) | AQ19: =IF('収支（品目別）'!BA19="","",'収支（品目別）'!BA19) | AR19: =SUM(AM19:AQ19) -> 0 | AU19: 物件税・租税公課 | AX19: =IF('収支（品目別）'!J19="","",'収支（品目別）'!J19) | AY19: =IF('収支（品目別）'!U19="","",'収支（品目別）'!U19) | AZ19: =IF('収支（品目別）'!AF19="","",'収支（品目別）'!AF19) | BA19: =IF('収支（品目別）'!AQ19="","",'収支（品目別）'!AQ19) | BB19: =IF('収支（品目別）'!BB19="","",'収支（品目別）'!BB19) | BC19: =SUM(AX19:BB19) -> 0 | BF19: 物件税・租税公課 | BI19: =IF('収支（品目別）'!K19="","",'収支（品目別）'!K19) | BJ19: =IF('収支（品目別）'!V19="","",'収支（品目別）'!V19) | BK19: =IF('収支（品目別）'!AG19="","",'収支（品目別）'!AG19) | BL19: =IF('収支（品目別）'!AR19="","",'収支（品目別）'!AR19) | BM19: =IF('収支（品目別）'!BC19="","",'収支（品目別）'!BC19) | BN19: =SUM(BI19:BM19) -> 0 | BQ19: 物件税・租税公課 | BT19: =BI19 | BU19: =BJ19 | BV19: =BK19*2 -> #VALUE! | BW19: =IF('収支（品目別）'!BC19="","",'収支（品目別）'!BC19) | BX19: =IF('収支（品目別）'!BN19="","",'収支（品目別）'!BN19) | BY19: =SUM(BT19:BX19) -> #VALUE!
C20: 保険共済費 | F20: =IF('収支（品目別）'!F20="","",'収支（品目別）'!F20) | G20: =IF('収支（品目別）'!Q20="","",'収支（品目別）'!Q20) | H20: =IF('収支（品目別）'!AB20="","",'収支（品目別）'!AB20) | I20: =IF('収支（品目別）'!AM20="","",'収支（品目別）'!AM20) | J20: =IF('収支（品目別）'!AX20="","",'収支（品目別）'!AX20) | K20: =SUM(F20:J20) -> 0 | N20: 保険共済費 | Q20: =IF('収支（品目別）'!G20="","",'収支（品目別）'!G20) | R20: =IF('収支（品目別）'!R20="","",'収支（品目別）'!R20) | S20: =IF('収支（品目別）'!AC20="","",'収支（品目別）'!AC20) | T20: =IF('収支（品目別）'!AN20="","",'収支（品目別）'!AN20) | U20: =IF('収支（品目別）'!AY20="","",'収支（品目別）'!AY20) | V20: =SUM(Q20:U20) -> 0 | Y20: 保険共済費 | AB20: =IF('収支（品目別）'!H20="","",'収支（品目別）'!H20) | AC20: =IF('収支（品目別）'!S20="","",'収支（品目別）'!S20) | AD20: =IF('収支（品目別）'!AD20="","",'収支（品目別）'!AD20) | AE20: =IF('収支（品目別）'!AO20="","",'収支（品目別）'!AO20) | AF20: =IF('収支（品目別）'!AZ20="","",'収支（品目別）'!AZ20) | AG20: =SUM(AB20:AF20) -> 0 | AJ20: 保険共済費 | AM20: =IF('収支（品目別）'!I20="","",'収支（品目別）'!I20) | AN20: =IF('収支（品目別）'!T20="","",'収支（品目別）'!T20) | AO20: =IF('収支（品目別）'!AE20="","",'収支（品目別）'!AE20) | AP20: =IF('収支（品目別）'!AP20="","",'収支（品目別）'!AP20) | AQ20: =IF('収支（品目別）'!BA20="","",'収支（品目別）'!BA20) | AR20: =SUM(AM20:AQ20) -> 0 | AU20: 保険共済費 | AX20: =IF('収支（品目別）'!J20="","",'収支（品目別）'!J20) | AY20: =IF('収支（品目別）'!U20="","",'収支（品目別）'!U20) | AZ20: =IF('収支（品目別）'!AF20="","",'収支（品目別）'!AF20) | BA20: =IF('収支（品目別）'!AQ20="","",'収支（品目別）'!AQ20) | BB20: =IF('収支（品目別）'!BB20="","",'収支（品目別）'!BB20) | BC20: =SUM(AX20:BB20) -> 0 | BF20: 保険共済費 | BI20: =IF('収支（品目別）'!K20="","",'収支（品目別）'!K20) | BJ20: =IF('収支（品目別）'!V20="","",'収支（品目別）'!V20) | BK20: =IF('収支（品目別）'!AG20="","",'収支（品目別）'!AG20) | BL20: =IF('収支（品目別）'!AR20="","",'収支（品目別）'!AR20) | BM20: =IF('収支（品目別）'!BC20="","",'収支（品目別）'!BC20) | BN20: =SUM(BI20:BM20) -> 0 | BQ20: 保険共済費 | BT20: =BI20 | BU20: =BJ20 | BV20: =BK20*2 -> #VALUE! | BW20: =IF('収支（品目別）'!BC20="","",'収支（品目別）'!BC20) | BX20: =IF('収支（品目別）'!BN20="","",'収支（品目別）'!BN20) | BY20: =SUM(BT20:BX20) -> #VALUE!
C21: 土地改良水利費 | F21: =IF('収支（品目別）'!F21="","",'収支（品目別）'!F21) | G21: =IF('収支（品目別）'!Q21="","",'収支（品目別）'!Q21) | H21: =IF('収支（品目別）'!AB21="","",'収支（品目別）'!AB21) | I21: =IF('収支（品目別）'!AM21="","",'収支（品目別）'!AM21) | J21: =IF('収支（品目別）'!AX21="","",'収支（品目別）'!AX21) | K21: =SUM(F21:J21) -> 0 | N21: 土地改良水利費 | Q21: =IF('収支（品目別）'!G21="","",'収支（品目別）'!G21) | R21: =IF('収支（品目別）'!R21="","",'収支（品目別）'!R21) | S21: =IF('収支（品目別）'!AC21="","",'収支（品目別）'!AC21) | T21: =IF('収支（品目別）'!AN21="","",'収支（品目別）'!AN21) | U21: =IF('収支（品目別）'!AY21="","",'収支（品目別）'!AY21) | V21: =SUM(Q21:U21) -> 0 | Y21: 土地改良水利費 | AB21: =IF('収支（品目別）'!H21="","",'収支（品目別）'!H21) | AC21: =IF('収支（品目別）'!S21="","",'収支（品目別）'!S21) | AD21: =IF('収支（品目別）'!AD21="","",'収支（品目別）'!AD21) | AE21: =IF('収支（品目別）'!AO21="","",'収支（品目別）'!AO21) | AF21: =IF('収支（品目別）'!AZ21="","",'収支（品目別）'!AZ21) | AG21: =SUM(AB21:AF21) -> 0 | AJ21: 土地改良水利費 | AM21: =IF('収支（品目別）'!I21="","",'収支（品目別）'!I21) | AN21: =IF('収支（品目別）'!T21="","",'収支（品目別）'!T21) | AO21: =IF('収支（品目別）'!AE21="","",'収支（品目別）'!AE21) | AP21: =IF('収支（品目別）'!AP21="","",'収支（品目別）'!AP21) | AQ21: =IF('収支（品目別）'!BA21="","",'収支（品目別）'!BA21) | AR21: =SUM(AM21:AQ21) -> 0 | AU21: 土地改良水利費 | AX21: =IF('収支（品目別）'!J21="","",'収支（品目別）'!J21) | AY21: =IF('収支（品目別）'!U21="","",'収支（品目別）'!U21) | AZ21: =IF('収支（品目別）'!AF21="","",'収支（品目別）'!AF21) | BA21: =IF('収支（品目別）'!AQ21="","",'収支（品目別）'!AQ21) | BB21: =IF('収支（品目別）'!BB21="","",'収支（品目別）'!BB21) | BC21: =SUM(AX21:BB21) -> 0 | BF21: 土地改良水利費 | BI21: =IF('収支（品目別）'!K21="","",'収支（品目別）'!K21) | BJ21: =IF('収支（品目別）'!V21="","",'収支（品目別）'!V21) | BK21: =IF('収支（品目別）'!AG21="","",'収支（品目別）'!AG21) | BL21: =IF('収支（品目別）'!AR21="","",'収支（品目別）'!AR21) | BM21: =IF('収支（品目別）'!BC21="","",'収支（品目別）'!BC21) | BN21: =SUM(BI21:BM21) -> 0 | BQ21: 土地改良水利費 | BT21: =BI21 | BU21: =BJ21 | BV21: =BK21*2 -> #VALUE! | BW21: =IF('収支（品目別）'!BC21="","",'収支（品目別）'!BC21) | BX21: =IF('収支（品目別）'!BN21="","",'収支（品目別）'!BN21) | BY21: =SUM(BT21:BX21) -> #VALUE!
C22: 修繕費 | F22: =IF('収支（品目別）'!F22="","",'収支（品目別）'!F22) | G22: =IF('収支（品目別）'!Q22="","",'収支（品目別）'!Q22) | H22: =IF('収支（品目別）'!AB22="","",'収支（品目別）'!AB22) | I22: =IF('収支（品目別）'!AM22="","",'収支（品目別）'!AM22) | J22: =IF('収支（品目別）'!AX22="","",'収支（品目別）'!AX22) | K22: =SUM(F22:J22) -> 0 | N22: 修繕費 | Q22: =IF('収支（品目別）'!G22="","",'収支（品目別）'!G22) | R22: =IF('収支（品目別）'!R22="","",'収支（品目別）'!R22) | S22: =IF('収支（品目別）'!AC22="","",'収支（品目別）'!AC22) | T22: =IF('収支（品目別）'!AN22="","",'収支（品目別）'!AN22) | U22: =IF('収支（品目別）'!AY22="","",'収支（品目別）'!AY22) | V22: =SUM(Q22:U22) -> 0 | Y22: 修繕費 | AB22: =IF('収支（品目別）'!H22="","",'収支（品目別）'!H22) | AC22: =IF('収支（品目別）'!S22="","",'収支（品目別）'!S22) | AD22: =IF('収支（品目別）'!AD22="","",'収支（品目別）'!AD22) | AE22: =IF('収支（品目別）'!AO22="","",'収支（品目別）'!AO22) | AF22: =IF('収支（品目別）'!AZ22="","",'収支（品目別）'!AZ22) | AG22: =SUM(AB22:AF22) -> 0 | AJ22: 修繕費 | AM22: =IF('収支（品目別）'!I22="","",'収支（品目別）'!I22) | AN22: =IF('収支（品目別）'!T22="","",'収支（品目別）'!T22) | AO22: =IF('収支（品目別）'!AE22="","",'収支（品目別）'!AE22) | AP22: =IF('収支（品目別）'!AP22="","",'収支（品目別）'!AP22) | AQ22: =IF('収支（品目別）'!BA22="","",'収支（品目別）'!BA22) | AR22: =SUM(AM22:AQ22) -> 0 | AU22: 修繕費 | AX22: =IF('収支（品目別）'!J22="","",'収支（品目別）'!J22) | AY22: =IF('収支（品目別）'!U22="","",'収支（品目別）'!U22) | AZ22: =IF('収支（品目別）'!AF22="","",'収支（品目別）'!AF22) | BA22: =IF('収支（品目別）'!AQ22="","",'収支（品目別）'!AQ22) | BB22: =IF('収支（品目別）'!BB22="","",'収支（品目別）'!BB22) | BC22: =SUM(AX22:BB22) -> 0 | BF22: 修繕費 | BI22: =IF('収支（品目別）'!K22="","",'収支（品目別）'!K22) | BJ22: =IF('収支（品目別）'!V22="","",'収支（品目別）'!V22) | BK22: =IF('収支（品目別）'!AG22="","",'収支（品目別）'!AG22) | BL22: =IF('収支（品目別）'!AR22="","",'収支（品目別）'!AR22) | BM22: =IF('収支（品目別）'!BC22="","",'収支（品目別）'!BC22) | BN22: =SUM(BI22:BM22) -> 0 | BQ22: 修繕費 | BT22: =BI22 | BU22: =BJ22 | BV22: =BK22*2 -> #VALUE! | BW22: =IF('収支（品目別）'!BC22="","",'収支（品目別）'!BC22) | BX22: =IF('収支（品目別）'!BN22="","",'収支（品目別）'!BN22) | BY22: =SUM(BT22:BX22) -> #VALUE!
C23: 減価償却費 | F23: =IF(F6="","",SUM(F24:F27)) | G23: =IF(G6="","",SUM(G24:G27)) | H23: =IF(H6="","",SUM(H24:H27)) | I23: =IF(I6="","",SUM(I24:I27)) | J23: =IF(J6="","",SUM(J24:J27)) | K23: =SUM(F23:J23) -> 0 | N23: 減価償却費 | Q23: =IF(Q6="","",SUM(Q24:Q27)) | R23: =IF(R6="","",SUM(R24:R27)) | S23: =IF(S6="","",SUM(S24:S27)) | T23: =IF(T6="","",SUM(T24:T27)) | U23: =IF(U6="","",SUM(U24:U27)) | V23: =SUM(Q23:U23) -> 0 | Y23: 減価償却費 | AB23: =IF(AB6="","",SUM(AB24:AB27)) | AC23: =IF(AC6="","",SUM(AC24:AC27)) | AD23: =IF(AD6="","",SUM(AD24:AD27)) | AE23: =IF(AE6="","",SUM(AE24:AE27)) | AF23: =IF(AF6="","",SUM(AF24:AF27)) | AG23: =SUM(AB23:AF23) -> 0 | AJ23: 減価償却費 | AM23: =IF(AM6="","",SUM(AM24:AM27)) | AN23: =IF(AN6="","",SUM(AN24:AN27)) | AO23: =IF(AO6="","",SUM(AO24:AO27)) | AP23: =IF(AP6="","",SUM(AP24:AP27)) | AQ23: =IF(AQ6="","",SUM(AQ24:AQ27)) | AR23: =SUM(AM23:AQ23) -> 0 | AU23: 減価償却費 | AX23: =IF(AX6="","",SUM(AX24:AX27)) | AY23: =IF(AY6="","",SUM(AY24:AY27)) | AZ23: =IF(AZ6="","",SUM(AZ24:AZ27)) | BA23: =IF(BA6="","",SUM(BA24:BA27)) | BB23: =IF(BB6="","",SUM(BB24:BB27)) | BC23: =SUM(AX23:BB23) -> 0 | BF23: 減価償却費 | BI23: =IF(BI6="","",SUM(BI24:BI27)) | BJ23: =IF(BJ6="","",SUM(BJ24:BJ27)) | BK23: =IF(BK6="","",SUM(BK24:BK27)) | BL23: =IF(BL6="","",SUM(BL24:BL27)) | BM23: =IF(BM6="","",SUM(BM24:BM27)) | BN23: =SUM(BI23:BM23) -> 0 | BQ23: 減価償却費 | BT23: =IF(BT6="","",SUM(BT24:BT27)) | BU23: =IF(BU6="","",SUM(BU24:BU27)) | BV23: =IF(BV6="","",SUM(BV24:BV27)) | BW23: =IF(BW6="","",SUM(BW24:BW27)) | BX23: =IF(BX6="","",SUM(BX24:BX27)) | BY23: =SUM(BT23:BX23) -> 0
D24: 建物・施設 | F24: =IF('収支（品目別）'!F24="","",'収支（品目別）'!F24) | G24: =IF('収支（品目別）'!Q24="","",'収支（品目別）'!Q24) | H24: =IF('収支（品目別）'!AB24="","",'収支（品目別）'!AB24) | I24: =IF('収支（品目別）'!AM24="","",'収支（品目別）'!AM24) | J24: =IF('収支（品目別）'!AX24="","",'収支（品目別）'!AX24) | K24: =SUM(F24:J24) -> 0 | O24: 建物・施設 | Q24: =IF('収支（品目別）'!G24="","",'収支（品目別）'!G24) | R24: =IF('収支（品目別）'!R24="","",'収支（品目別）'!R24) | S24: =IF('収支（品目別）'!AC24="","",'収支（品目別）'!AC24) | T24: =IF('収支（品目別）'!AN24="","",'収支（品目別）'!AN24) | U24: =IF('収支（品目別）'!AY24="","",'収支（品目別）'!AY24) | V24: =SUM(Q24:U24) -> 0 | Z24: 建物・施設 | AB24: =IF('収支（品目別）'!H24="","",'収支（品目別）'!H24) | AC24: =IF('収支（品目別）'!S24="","",'収支（品目別）'!S24) | AD24: =IF('収支（品目別）'!AD24="","",'収支（品目別）'!AD24) | AE24: =IF('収支（品目別）'!AO24="","",'収支（品目別）'!AO24) | AF24: =IF('収支（品目別）'!AZ24="","",'収支（品目別）'!AZ24) | AG24: =SUM(AB24:AF24) -> 0 | AK24: 建物・施設 | AM24: =IF('収支（品目別）'!I24="","",'収支（品目別）'!I24) | AN24: =IF('収支（品目別）'!T24="","",'収支（品目別）'!T24) | AO24: =IF('収支（品目別）'!AE24="","",'収支（品目別）'!AE24) | AP24: =IF('収支（品目別）'!AP24="","",'収支（品目別）'!AP24) | AQ24: =IF('収支（品目別）'!BA24="","",'収支（品目別）'!BA24) | AR24: =SUM(AM24:AQ24) -> 0 | AV24: 建物・施設 | AX24: =IF('収支（品目別）'!J24="","",'収支（品目別）'!J24) | AY24: =IF('収支（品目別）'!U24="","",'収支（品目別）'!U24) | AZ24: =IF('収支（品目別）'!AF24="","",'収支（品目別）'!AF24) | BA24: =IF('収支（品目別）'!AQ24="","",'収支（品目別）'!AQ24) | BB24: =IF('収支（品目別）'!BB24="","",'収支（品目別）'!BB24) | BC24: =SUM(AX24:BB24) -> 0 | BG24: 建物・施設 | BI24: =IF('収支（品目別）'!K24="","",'収支（品目別）'!K24) | BJ24: =IF('収支（品目別）'!V24="","",'収支（品目別）'!V24) | BK24: =IF('収支（品目別）'!AG24="","",'収支（品目別）'!AG24) | BL24: =IF('収支（品目別）'!AR24="","",'収支（品目別）'!AR24) | BM24: =IF('収支（品目別）'!BC24="","",'収支（品目別）'!BC24) | BN24: =SUM(BI24:BM24) -> 0 | BR24: 建物・施設 | BT24: =BI24 | BU24: =IF('収支（品目別）'!AG24="","",'収支（品目別）'!AG24) | BV24: =IF('収支（品目別）'!AR24="","",'収支（品目別）'!AR24) | BW24: =IF('収支（品目別）'!BC24="","",'収支（品目別）'!BC24) | BX24: =IF('収支（品目別）'!BN24="","",'収支（品目別）'!BN24) | BY24: =SUM(BT24:BX24) -> 0
D25: 農機具 | F25: =IF('収支（品目別）'!F25="","",'収支（品目別）'!F25) | G25: =IF('収支（品目別）'!Q25="","",'収支（品目別）'!Q25) | H25: =IF('収支（品目別）'!AB25="","",'収支（品目別）'!AB25) | I25: =IF('収支（品目別）'!AM25="","",'収支（品目別）'!AM25) | J25: =IF('収支（品目別）'!AX25="","",'収支（品目別）'!AX25) | K25: =SUM(F25:J25) -> 0 | O25: 農機具 | Q25: =IF('収支（品目別）'!G25="","",'収支（品目別）'!G25) | R25: =IF('収支（品目別）'!R25="","",'収支（品目別）'!R25) | S25: =IF('収支（品目別）'!AC25="","",'収支（品目別）'!AC25) | T25: =IF('収支（品目別）'!AN25="","",'収支（品目別）'!AN25) | U25: =IF('収支（品目別）'!AY25="","",'収支（品目別）'!AY25) | V25: =SUM(Q25:U25) -> 0 | Z25: 農機具 | AB25: =IF('収支（品目別）'!H25="","",'収支（品目別）'!H25) | AC25: =IF('収支（品目別）'!S25="","",'収支（品目別）'!S25) | AD25: =IF('収支（品目別）'!AD25="","",'収支（品目別）'!AD25) | AE25: =IF('収支（品目別）'!AO25="","",'収支（品目別）'!AO25) | AF25: =IF('収支（品目別）'!AZ25="","",'収支（品目別）'!AZ25) | AG25: =SUM(AB25:AF25) -> 0 | AK25: 農機具 | AM25: =IF('収支（品目別）'!I25="","",'収支（品目別）'!I25) | AN25: =IF('収支（品目別）'!T25="","",'収支（品目別）'!T25) | AO25: =IF('収支（品目別）'!AE25="","",'収支（品目別）'!AE25) | AP25: =IF('収支（品目別）'!AP25="","",'収支（品目別）'!AP25) | AQ25: =IF('収支（品目別）'!BA25="","",'収支（品目別）'!BA25) | AR25: =SUM(AM25:AQ25) -> 0 | AV25: 農機具 | AX25: =IF('収支（品目別）'!J25="","",'収支（品目別）'!J25) | AY25: =IF('収支（品目別）'!U25="","",'収支（品目別）'!U25) | AZ25: =IF('収支（品目別）'!AF25="","",'収支（品目別）'!AF25) | BA25: =IF('収支（品目別）'!AQ25="","",'収支（品目別）'!AQ25) | BB25: =IF('収支（品目別）'!BB25="","",'収支（品目別）'!BB25) | BC25: =SUM(AX25:BB25) -> 0 | BG25: 農機具 | BI25: =IF('収支（品目別）'!K25="","",'収支（品目別）'!K25) | BJ25: =IF('収支（品目別）'!V25="","",'収支（品目別）'!V25) | BK25: =IF('収支（品目別）'!AG25="","",'収支（品目別）'!AG25) | BL25: =IF('収支（品目別）'!AR25="","",'収支（品目別）'!AR25) | BM25: =IF('収支（品目別）'!BC25="","",'収支（品目別）'!BC25) | BN25: =SUM(BI25:BM25) -> 0 | BR25: 農機具 | BT25: =BI25 | BU25: =IF('収支（品目別）'!AG25="","",'収支（品目別）'!AG25) | BV25: =IF('収支（品目別）'!AR25="","",'収支（品目別）'!AR25) | BW25: =IF('収支（品目別）'!BC25="","",'収支（品目別）'!BC25) | BX25: =IF('収支（品目別）'!BN25="","",'収支（品目別）'!BN25) | BY25: =SUM(BT25:BX25) -> 0
D26: 大動物 | F26: =IF('収支（品目別）'!F26="","",'収支（品目別）'!F26) | G26: =IF('収支（品目別）'!Q26="","",'収支（品目別）'!Q26) | H26: =IF('収支（品目別）'!AB26="","",'収支（品目別）'!AB26) | I26: =IF('収支（品目別）'!AM26="","",'収支（品目別）'!AM26) | J26: =IF('収支（品目別）'!AX26="","",'収支（品目別）'!AX26) | K26: =SUM(F26:J26) -> 0 | O26: 大動物 | Q26: =IF('収支（品目別）'!G26="","",'収支（品目別）'!G26) | R26: =IF('収支（品目別）'!R26="","",'収支（品目別）'!R26) | S26: =IF('収支（品目別）'!AC26="","",'収支（品目別）'!AC26) | T26: =IF('収支（品目別）'!AN26="","",'収支（品目別）'!AN26) | U26: =IF('収支（品目別）'!AY26="","",'収支（品目別）'!AY26) | V26: =SUM(Q26:U26) -> 0 | Z26: 大動物 | AB26: =IF('収支（品目別）'!H26="","",'収支（品目別）'!H26) | AC26: =IF('収支（品目別）'!S26="","",'収支（品目別）'!S26) | AD26: =IF('収支（品目別）'!AD26="","",'収支（品目別）'!AD26) | AE26: =IF('収支（品目別）'!AO26="","",'収支（品目別）'!AO26) | AF26: =IF('収支（品目別）'!AZ26="","",'収支（品目別）'!AZ26) | AG26: =SUM(AB26:AF26) -> 0 | AK26: 大動物 | AM26: =IF('収支（品目別）'!I26="","",'収支（品目別）'!I26) | AN26: =IF('収支（品目別）'!T26="","",'収支（品目別）'!T26) | AO26: =IF('収支（品目別）'!AE26="","",'収支（品目別）'!AE26) | AP26: =IF('収支（品目別）'!AP26="","",'収支（品目別）'!AP26) | AQ26: =IF('収支（品目別）'!BA26="","",'収支（品目別）'!BA26) | AR26: =SUM(AM26:AQ26) -> 0 | AV26: 大動物 | AX26: =IF('収支（品目別）'!J26="","",'収支（品目別）'!J26) | AY26: =IF('収支（品目別）'!U26="","",'収支（品目別）'!U26) | AZ26: =IF('収支（品目別）'!AF26="","",'収支（品目別）'!AF26) | BA26: =IF('収支（品目別）'!AQ26="","",'収支（品目別）'!AQ26) | BB26: =IF('収支（品目別）'!BB26="","",'収支（品目別）'!BB26) | BC26: =SUM(AX26:BB26) -> 0 | BG26: 大動物 | BI26: =IF('収支（品目別）'!K26="","",'収支（品目別）'!K26) | BJ26: =IF('収支（品目別）'!V26="","",'収支（品目別）'!V26) | BK26: =IF('収支（品目別）'!AG26="","",'収支（品目別）'!AG26) | BL26: =IF('収支（品目別）'!AR26="","",'収支（品目別）'!AR26) | BM26: =IF('収支（品目別）'!BC26="","",'収支（品目別）'!BC26) | BN26: =SUM(BI26:BM26) -> 0 | BR26: 大動物 | BT26: =IF('収支（品目別）'!V26="","",'収支（品目別）'!V26) | BU26: =IF('収支（品目別）'!AG26="","",'収支（品目別）'!AG26) | BV26: =IF('収支（品目別）'!AR26="","",'収支（品目別）'!AR26) | BW26: =IF('収支（品目別）'!BC26="","",'収支（品目別）'!BC26) | BX26: =IF('収支（品目別）'!BN26="","",'収支（品目別）'!BN26) | BY26: =SUM(BT26:BX26) -> 0
D27: 大植物 | F27: =IF('収支（品目別）'!F27="","",'収支（品目別）'!F27) | G27: =IF('収支（品目別）'!Q27="","",'収支（品目別）'!Q27) | H27: =IF('収支（品目別）'!AB27="","",'収支（品目別）'!AB27) | I27: =IF('収支（品目別）'!AM27="","",'収支（品目別）'!AM27) | J27: =IF('収支（品目別）'!AX27="","",'収支（品目別）'!AX27) | K27: =SUM(F27:J27) -> 0 | O27: 大植物 | Q27: =IF('収支（品目別）'!G27="","",'収支（品目別）'!G27) | R27: =IF('収支（品目別）'!R27="","",'収支（品目別）'!R27) | S27: =IF('収支（品目別）'!AC27="","",'収支（品目別）'!AC27) | T27: =IF('収支（品目別）'!AN27="","",'収支（品目別）'!AN27) | U27: =IF('収支（品目別）'!AY27="","",'収支（品目別）'!AY27) | V27: =SUM(Q27:U27) -> 0 | Z27: 大植物 | AB27: =IF('収支（品目別）'!H27="","",'収支（品目別）'!H27) | AC27: =IF('収支（品目別）'!S27="","",'収支（品目別）'!S27) | AD27: =IF('収支（品目別）'!AD27="","",'収支（品目別）'!AD27) | AE27: =IF('収支（品目別）'!AO27="","",'収支（品目別）'!AO27) | AF27: =IF('収支（品目別）'!AZ27="","",'収支（品目別）'!AZ27) | AG27: =SUM(AB27:AF27) -> 0 | AK27: 大植物 | AM27: =IF('収支（品目別）'!I27="","",'収支（品目別）'!I27) | AN27: =IF('収支（品目別）'!T27="","",'収支（品目別）'!T27) | AO27: =IF('収支（品目別）'!AE27="","",'収支（品目別）'!AE27) | AP27: =IF('収支（品目別）'!AP27="","",'収支（品目別）'!AP27) | AQ27: =IF('収支（品目別）'!BA27="","",'収支（品目別）'!BA27) | AR27: =SUM(AM27:AQ27) -> 0 | AV27: 大植物 | AX27: =IF('収支（品目別）'!J27="","",'収支（品目別）'!J27) | AY27: =IF('収支（品目別）'!U27="","",'収支（品目別）'!U27) | AZ27: =IF('収支（品目別）'!AF27="","",'収支（品目別）'!AF27) | BA27: =IF('収支（品目別）'!AQ27="","",'収支（品目別）'!AQ27) | BB27: =IF('収支（品目別）'!BB27="","",'収支（品目別）'!BB27) | BC27: =SUM(AX27:BB27) -> 0 | BG27: 大植物 | BI27: =IF('収支（品目別）'!K27="","",'収支（品目別）'!K27) | BJ27: =IF('収支（品目別）'!V27="","",'収支（品目別）'!V27) | BK27: =IF('収支（品目別）'!AG27="","",'収支（品目別）'!AG27) | BL27: =IF('収支（品目別）'!AR27="","",'収支（品目別）'!AR27) | BM27: =IF('収支（品目別）'!BC27="","",'収支（品目別）'!BC27) | BN27: =SUM(BI27:BM27) -> 0 | BR27: 大植物 | BT27: =IF('収支（品目別）'!V27="","",'収支（品目別）'!V27) | BU27: =IF('収支（品目別）'!AG27="","",'収支（品目別）'!AG27) | BV27: =IF('収支（品目別）'!AR27="","",'収支（品目別）'!AR27) | BW27: =IF('収支（品目別）'!BC27="","",'収支（品目別）'!BC27) | BX27: =IF('収支（品目別）'!BN27="","",'収支（品目別）'!BN27) | BY27: =SUM(BT27:BX27) -> 0
C28: 雇用労賃 | F28: =IF('収支（品目別）'!F28="","",'収支（品目別）'!F28) | G28: =IF('収支（品目別）'!Q28="","",'収支（品目別）'!Q28) | H28: =IF('収支（品目別）'!AB28="","",'収支（品目別）'!AB28) | I28: =IF('収支（品目別）'!AM28="","",'収支（品目別）'!AM28) | J28: =IF('収支（品目別）'!AX28="","",'収支（品目別）'!AX28) | K28: =SUM(F28:J28) -> 0 | N28: 雇用労賃 | Q28: =IF('収支（品目別）'!G28="","",'収支（品目別）'!G28) | R28: =IF('収支（品目別）'!R28="","",'収支（品目別）'!R28) | S28: =IF('収支（品目別）'!AC28="","",'収支（品目別）'!AC28) | T28: =IF('収支（品目別）'!AN28="","",'収支（品目別）'!AN28) | U28: =IF('収支（品目別）'!AY28="","",'収支（品目別）'!AY28) | V28: =SUM(Q28:U28) -> 0 | Y28: 雇用労賃 | AB28: =IF('収支（品目別）'!H28="","",'収支（品目別）'!H28) | AC28: =IF('収支（品目別）'!S28="","",'収支（品目別）'!S28) | AD28: =IF('収支（品目別）'!AD28="","",'収支（品目別）'!AD28) | AE28: =IF('収支（品目別）'!AO28="","",'収支（品目別）'!AO28) | AF28: =IF('収支（品目別）'!AZ28="","",'収支（品目別）'!AZ28) | AG28: =SUM(AB28:AF28) -> 0 | AJ28: 雇用労賃 | AM28: =IF('収支（品目別）'!I28="","",'収支（品目別）'!I28) | AN28: =IF('収支（品目別）'!T28="","",'収支（品目別）'!T28) | AO28: =IF('収支（品目別）'!AE28="","",'収支（品目別）'!AE28) | AP28: =IF('収支（品目別）'!AP28="","",'収支（品目別）'!AP28) | AQ28: =IF('収支（品目別）'!BA28="","",'収支（品目別）'!BA28) | AR28: =SUM(AM28:AQ28) -> 0 | AU28: 雇用労賃 | AX28: =IF('収支（品目別）'!J28="","",'収支（品目別）'!J28) | AY28: =IF('収支（品目別）'!U28="","",'収支（品目別）'!U28) | AZ28: =IF('収支（品目別）'!AF28="","",'収支（品目別）'!AF28) | BA28: =IF('収支（品目別）'!AQ28="","",'収支（品目別）'!AQ28) | BB28: =IF('収支（品目別）'!BB28="","",'収支（品目別）'!BB28) | BC28: =SUM(AX28:BB28) -> 0 | BF28: 雇用労賃 | BI28: =IF('収支（品目別）'!K28="","",'収支（品目別）'!K28) | BJ28: =IF('収支（品目別）'!V28="","",'収支（品目別）'!V28) | BK28: =IF('収支（品目別）'!AG28="","",'収支（品目別）'!AG28) | BL28: =IF('収支（品目別）'!AR28="","",'収支（品目別）'!AR28) | BM28: =IF('収支（品目別）'!BC28="","",'収支（品目別）'!BC28) | BN28: =SUM(BI28:BM28) -> 0 | BQ28: 雇用労賃 | BT28: =BI28 | BU28: =BJ28 | BW28: =IF('収支（品目別）'!BC28="","",'収支（品目別）'!BC28) | BX28: =IF('収支（品目別）'!BN28="","",'収支（品目別）'!BN28) | BY28: =SUM(BT28:BX28) -> 0
C29: 支払利子 | F29: =IF('収支（品目別）'!F29="","",'収支（品目別）'!F29) | G29: =IF('収支（品目別）'!Q29="","",'収支（品目別）'!Q29) | H29: =IF('収支（品目別）'!AB29="","",'収支（品目別）'!AB29) | I29: =IF('収支（品目別）'!AM29="","",'収支（品目別）'!AM29) | J29: =IF('収支（品目別）'!AX29="","",'収支（品目別）'!AX29) | K29: =SUM(F29:J29) -> 0 | N29: 支払利子 | Q29: =IF('収支（品目別）'!G29="","",'収支（品目別）'!G29) | R29: =IF('収支（品目別）'!R29="","",'収支（品目別）'!R29) | S29: =IF('収支（品目別）'!AC29="","",'収支（品目別）'!AC29) | T29: =IF('収支（品目別）'!AN29="","",'収支（品目別）'!AN29) | U29: =IF('収支（品目別）'!AY29="","",'収支（品目別）'!AY29) | V29: =SUM(Q29:U29) -> 0 | Y29: 支払利子 | AB29: =IF('収支（品目別）'!H29="","",'収支（品目別）'!H29) | AC29: =IF('収支（品目別）'!S29="","",'収支（品目別）'!S29) | AD29: =IF('収支（品目別）'!AD29="","",'収支（品目別）'!AD29) | AE29: =IF('収支（品目別）'!AO29="","",'収支（品目別）'!AO29) | AF29: =IF('収支（品目別）'!AZ29="","",'収支（品目別）'!AZ29) | AG29: =SUM(AB29:AF29) -> 0 | AJ29: 支払利子 | AM29: =IF('収支（品目別）'!I29="","",'収支（品目別）'!I29) | AN29: =IF('収支（品目別）'!T29="","",'収支（品目別）'!T29) | AO29: =IF('収支（品目別）'!AE29="","",'収支（品目別）'!AE29) | AP29: =IF('収支（品目別）'!AP29="","",'収支（品目別）'!AP29) | AQ29: =IF('収支（品目別）'!BA29="","",'収支（品目別）'!BA29) | AR29: =SUM(AM29:AQ29) -> 0 | AU29: 支払利子 | AX29: =IF('収支（品目別）'!J29="","",'収支（品目別）'!J29) | AY29: =IF('収支（品目別）'!U29="","",'収支（品目別）'!U29) | AZ29: =IF('収支（品目別）'!AF29="","",'収支（品目別）'!AF29) | BA29: =IF('収支（品目別）'!AQ29="","",'収支（品目別）'!AQ29) | BB29: =IF('収支（品目別）'!BB29="","",'収支（品目別）'!BB29) | BC29: =SUM(AX29:BB29) -> 0 | BF29: 支払利子 | BI29: =IF('収支（品目別）'!K29="","",'収支（品目別）'!K29) | BJ29: =IF('収支（品目別）'!V29="","",'収支（品目別）'!V29) | BK29: =IF('収支（品目別）'!AG29="","",'収支（品目別）'!AG29) | BL29: =IF('収支（品目別）'!AR29="","",'収支（品目別）'!AR29) | BM29: =IF('収支（品目別）'!BC29="","",'収支（品目別）'!BC29) | BN29: =SUM(BI29:BM29) -> 0 | BQ29: 支払利子 | BT29: =IF('収支（品目別）'!V29="","",'収支（品目別）'!V29) | BU29: =IF('収支（品目別）'!AG29="","",'収支（品目別）'!AG29) | BV29: =IF('収支（品目別）'!AR29="","",'収支（品目別）'!AR29) | BW29: =IF('収支（品目別）'!BC29="","",'収支（品目別）'!BC29) | BX29: =IF('収支（品目別）'!BN29="","",'収支（品目別）'!BN29) | BY29: =SUM(BT29:BX29) -> 0
C30: 支払地代 | F30: =IF('収支（品目別）'!F30="","",'収支（品目別）'!F30) | G30: =IF('収支（品目別）'!Q30="","",'収支（品目別）'!Q30) | H30: =IF('収支（品目別）'!AB30="","",'収支（品目別）'!AB30) | I30: =IF('収支（品目別）'!AM30="","",'収支（品目別）'!AM30) | J30: =IF('収支（品目別）'!AX30="","",'収支（品目別）'!AX30) | K30: =SUM(F30:J30) -> 0 | N30: 支払地代 | Q30: =IF('収支（品目別）'!G30="","",'収支（品目別）'!G30) | R30: =IF('収支（品目別）'!R30="","",'収支（品目別）'!R30) | S30: =IF('収支（品目別）'!AC30="","",'収支（品目別）'!AC30) | T30: =IF('収支（品目別）'!AN30="","",'収支（品目別）'!AN30) | U30: =IF('収支（品目別）'!AY30="","",'収支（品目別）'!AY30) | V30: =SUM(Q30:U30) -> 0 | Y30: 支払地代 | AB30: =IF('収支（品目別）'!H30="","",'収支（品目別）'!H30) | AC30: =IF('収支（品目別）'!S30="","",'収支（品目別）'!S30) | AD30: =IF('収支（品目別）'!AD30="","",'収支（品目別）'!AD30) | AE30: =IF('収支（品目別）'!AO30="","",'収支（品目別）'!AO30) | AF30: =IF('収支（品目別）'!AZ30="","",'収支（品目別）'!AZ30) | AG30: =SUM(AB30:AF30) -> 0 | AJ30: 支払地代 | AM30: =IF('収支（品目別）'!I30="","",'収支（品目別）'!I30) | AN30: =IF('収支（品目別）'!T30="","",'収支（品目別）'!T30) | AO30: =IF('収支（品目別）'!AE30="","",'収支（品目別）'!AE30) | AP30: =IF('収支（品目別）'!AP30="","",'収支（品目別）'!AP30) | AQ30: =IF('収支（品目別）'!BA30="","",'収支（品目別）'!BA30) | AR30: =SUM(AM30:AQ30) -> 0 | AU30: 支払地代 | AX30: =IF('収支（品目別）'!J30="","",'収支（品目別）'!J30) | AY30: =IF('収支（品目別）'!U30="","",'収支（品目別）'!U30) | AZ30: =IF('収支（品目別）'!AF30="","",'収支（品目別）'!AF30) | BA30: =IF('収支（品目別）'!AQ30="","",'収支（品目別）'!AQ30) | BB30: =IF('収支（品目別）'!BB30="","",'収支（品目別）'!BB30) | BC30: =SUM(AX30:BB30) -> 0 | BF30: 支払地代 | BI30: =IF('収支（品目別）'!K30="","",'収支（品目別）'!K30) | BJ30: =IF('収支（品目別）'!V30="","",'収支（品目別）'!V30) | BK30: =IF('収支（品目別）'!AG30="","",'収支（品目別）'!AG30) | BL30: =IF('収支（品目別）'!AR30="","",'収支（品目別）'!AR30) | BM30: =IF('収支（品目別）'!BC30="","",'収支（品目別）'!BC30) | BN30: =SUM(BI30:BM30) -> 0 | BQ30: 支払地代 | BT30: =IF('収支（品目別）'!V30="","",'収支（品目別）'!V30) | BU30: =IF('収支（品目別）'!AG30="","",'収支（品目別）'!AG30) | BV30: =IF('収支（品目別）'!AR30="","",'収支（品目別）'!AR30) | BW30: =IF('収支（品目別）'!BC30="","",'収支（品目別）'!BC30) | BX30: =IF('収支（品目別）'!BN30="","",'収支（品目別）'!BN30) | BY30: =SUM(BT30:BX30) -> 0
C31: 販売費・一般管理費 | F31: =IF(F6="","",SUM(F32:F35)) | G31: =IF(G6="","",SUM(G32:G35)) | H31: =IF(H6="","",SUM(H32:H35)) | I31: =IF(I6="","",SUM(I32:I35)) | J31: =IF(J6="","",SUM(J32:J35)) | K31: =SUM(F31:J31) -> 0 | N31: 販売費・一般管理費 | Q31: =IF(Q6="","",SUM(Q32:Q35)) | R31: =IF(R6="","",SUM(R32:R35)) | S31: =IF(S6="","",SUM(S32:S35)) | T31: =IF(T6="","",SUM(T32:T35)) | U31: =IF(U6="","",SUM(U32:U35)) | V31: =SUM(Q31:U31) -> 0 | Y31: 販売費・一般管理費 | AB31: =IF(AB6="","",SUM(AB32:AB35)) | AC31: =IF(AC6="","",SUM(AC32:AC35)) | AD31: =IF(AD6="","",SUM(AD32:AD35)) | AE31: =IF(AE6="","",SUM(AE32:AE35)) | AF31: =IF(AF6="","",SUM(AF32:AF35)) | AG31: =SUM(AB31:AF31) -> 0 | AJ31: 販売費・一般管理費 | AM31: =IF(AM6="","",SUM(AM32:AM35)) | AN31: =IF(AN6="","",SUM(AN32:AN35)) | AO31: =IF(AO6="","",SUM(AO32:AO35)) | AP31: =IF(AP6="","",SUM(AP32:AP35)) | AQ31: =IF(AQ6="","",SUM(AQ32:AQ35)) | AR31: =SUM(AM31:AQ31) -> 0 | AU31: 販売費・一般管理費 | AX31: =IF(AX6="","",SUM(AX32:AX35)) | AY31: =IF(AY6="","",SUM(AY32:AY35)) | AZ31: =IF(AZ6="","",SUM(AZ32:AZ35)) | BA31: =IF(BA6="","",SUM(BA32:BA35)) | BB31: =IF(BB6="","",SUM(BB32:BB35)) | BC31: =SUM(AX31:BB31) -> 0 | BF31: 販売費・一般管理費 | BI31: =IF(BI6="","",SUM(BI32:BI35)) | BJ31: =IF(BJ6="","",SUM(BJ32:BJ35)) | BK31: =IF(BK6="","",SUM(BK32:BK35)) | BL31: =IF(BL6="","",SUM(BL32:BL35)) | BM31: =IF(BM6="","",SUM(BM32:BM35)) | BN31: =SUM(BI31:BM31) -> 0 | BQ31: 販売費・一般管理費 | BT31: =IF(BT6="","",SUM(BT32:BT35)) | BU31: =IF(BU6="","",SUM(BU32:BU35)) | BV31: =IF(BV6="","",SUM(BV32:BV35)) | BW31: =IF(BW6="","",SUM(BW32:BW35)) | BX31: =IF(BX6="","",SUM(BX32:BX35)) | BY31: =SUM(BT31:BX31) -> 0
D32: 選果出荷経費 | F32: =IF('収支（品目別）'!F32="","",'収支（品目別）'!F32) | G32: =IF('収支（品目別）'!Q32="","",'収支（品目別）'!Q32) | H32: =IF('収支（品目別）'!AB32="","",'収支（品目別）'!AB32) | I32: =IF('収支（品目別）'!AM32="","",'収支（品目別）'!AM32) | J32: =IF('収支（品目別）'!AX32="","",'収支（品目別）'!AX32) | K32: =SUM(F32:J32) -> 0 | O32: 選果出荷経費 | Q32: =IF('収支（品目別）'!G32="","",'収支（品目別）'!G32) | R32: =IF('収支（品目別）'!R32="","",'収支（品目別）'!R32) | S32: =IF('収支（品目別）'!AC32="","",'収支（品目別）'!AC32) | T32: =IF('収支（品目別）'!AN32="","",'収支（品目別）'!AN32) | U32: =IF('収支（品目別）'!AY32="","",'収支（品目別）'!AY32) | V32: =SUM(Q32:U32) -> 0 | Z32: 選果出荷経費 | AB32: =IF('収支（品目別）'!H32="","",'収支（品目別）'!H32) | AC32: =IF('収支（品目別）'!S32="","",'収支（品目別）'!S32) | AD32: =IF('収支（品目別）'!AD32="","",'収支（品目別）'!AD32) | AE32: =IF('収支（品目別）'!AO32="","",'収支（品目別）'!AO32) | AF32: =IF('収支（品目別）'!AZ32="","",'収支（品目別）'!AZ32) | AG32: =SUM(AB32:AF32) -> 0 | AK32: 選果出荷経費 | AM32: =IF('収支（品目別）'!I32="","",'収支（品目別）'!I32) | AN32: =IF('収支（品目別）'!T32="","",'収支（品目別）'!T32) | AO32: =IF('収支（品目別）'!AE32="","",'収支（品目別）'!AE32) | AP32: =IF('収支（品目別）'!AP32="","",'収支（品目別）'!AP32) | AQ32: =IF('収支（品目別）'!BA32="","",'収支（品目別）'!BA32) | AR32: =SUM(AM32:AQ32) -> 0 | AV32: 選果出荷経費 | AX32: =IF('収支（品目別）'!J32="","",'収支（品目別）'!J32) | AY32: =IF('収支（品目別）'!U32="","",'収支（品目別）'!U32) | AZ32: =IF('収支（品目別）'!AF32="","",'収支（品目別）'!AF32) | BA32: =IF('収支（品目別）'!AQ32="","",'収支（品目別）'!AQ32) | BB32: =IF('収支（品目別）'!BB32="","",'収支（品目別）'!BB32) | BC32: =SUM(AX32:BB32) -> 0 | BG32: 選果出荷経費 | BI32: =IF('収支（品目別）'!K32="","",'収支（品目別）'!K32) | BJ32: =IF('収支（品目別）'!V32="","",'収支（品目別）'!V32) | BK32: =IF('収支（品目別）'!AG32="","",'収支（品目別）'!AG32) | BL32: =IF('収支（品目別）'!AR32="","",'収支（品目別）'!AR32) | BM32: =IF('収支（品目別）'!BC32="","",'収支（品目別）'!BC32) | BN32: =SUM(BI32:BM32) -> 0 | BR32: 選果出荷経費 | BT32: =IF('収支（品目別）'!V32="","",'収支（品目別）'!V32) | BU32: =IF('収支（品目別）'!AG32="","",'収支（品目別）'!AG32) | BV32: =IF('収支（品目別）'!AR32="","",'収支（品目別）'!AR32) | BW32: =IF('収支（品目別）'!BC32="","",'収支（品目別）'!BC32) | BX32: =IF('収支（品目別）'!BN32="","",'収支（品目別）'!BN32) | BY32: =SUM(BT32:BX32) -> 0
D33: 運賃 | F33: =IF('収支（品目別）'!F33="","",'収支（品目別）'!F33) | G33: =IF('収支（品目別）'!Q33="","",'収支（品目別）'!Q33) | H33: =IF('収支（品目別）'!AB33="","",'収支（品目別）'!AB33) | I33: =IF('収支（品目別）'!AM33="","",'収支（品目別）'!AM33) | J33: =IF('収支（品目別）'!AX33="","",'収支（品目別）'!AX33) | K33: =SUM(F33:J33) -> 0 | O33: 運賃 | Q33: =IF('収支（品目別）'!G33="","",'収支（品目別）'!G33) | R33: =IF('収支（品目別）'!R33="","",'収支（品目別）'!R33) | S33: =IF('収支（品目別）'!AC33="","",'収支（品目別）'!AC33) | T33: =IF('収支（品目別）'!AN33="","",'収支（品目別）'!AN33) | U33: =IF('収支（品目別）'!AY33="","",'収支（品目別）'!AY33) | V33: =SUM(Q33:U33) -> 0 | Z33: 運賃 | AB33: =IF('収支（品目別）'!H33="","",'収支（品目別）'!H33) | AC33: =IF('収支（品目別）'!S33="","",'収支（品目別）'!S33) | AD33: =IF('収支（品目別）'!AD33="","",'収支（品目別）'!AD33) | AE33: =IF('収支（品目別）'!AO33="","",'収支（品目別）'!AO33) | AF33: =IF('収支（品目別）'!AZ33="","",'収支（品目別）'!AZ33) | AG33: =SUM(AB33:AF33) -> 0 | AK33: 運賃 | AM33: =IF('収支（品目別）'!I33="","",'収支（品目別）'!I33) | AN33: =IF('収支（品目別）'!T33="","",'収支（品目別）'!T33) | AO33: =IF('収支（品目別）'!AE33="","",'収支（品目別）'!AE33) | AP33: =IF('収支（品目別）'!AP33="","",'収支（品目別）'!AP33) | AQ33: =IF('収支（品目別）'!BA33="","",'収支（品目別）'!BA33) | AR33: =SUM(AM33:AQ33) -> 0 | AV33: 運賃 | AX33: =IF('収支（品目別）'!J33="","",'収支（品目別）'!J33) | AY33: =IF('収支（品目別）'!U33="","",'収支（品目別）'!U33) | AZ33: =IF('収支（品目別）'!AF33="","",'収支（品目別）'!AF33) | BA33: =IF('収支（品目別）'!AQ33="","",'収支（品目別）'!AQ33) | BB33: =IF('収支（品目別）'!BB33="","",'収支（品目別）'!BB33) | BC33: =SUM(AX33:BB33) -> 0 | BG33: 運賃 | BI33: =IF('収支（品目別）'!K33="","",'収支（品目別）'!K33) | BJ33: =IF('収支（品目別）'!V33="","",'収支（品目別）'!V33) | BK33: =IF('収支（品目別）'!AG33="","",'収支（品目別）'!AG33) | BL33: =IF('収支（品目別）'!AR33="","",'収支（品目別）'!AR33) | BM33: =IF('収支（品目別）'!BC33="","",'収支（品目別）'!BC33) | BN33: =SUM(BI33:BM33) -> 0 | BR33: 運賃 | BU33: =BJ33 | BV33: =IF('収支（品目別）'!AR33="","",'収支（品目別）'!AR33) | BW33: =IF('収支（品目別）'!BC33="","",'収支（品目別）'!BC33) | BX33: =IF('収支（品目別）'!BN33="","",'収支（品目別）'!BN33) | BY33: =SUM(BT33:BX33) -> 0
D34: 手数料 | F34: =IF('収支（品目別）'!F34="","",'収支（品目別）'!F34) | G34: =IF('収支（品目別）'!Q34="","",'収支（品目別）'!Q34) | H34: =IF('収支（品目別）'!AB34="","",'収支（品目別）'!AB34) | I34: =IF('収支（品目別）'!AM34="","",'収支（品目別）'!AM34) | J34: =IF('収支（品目別）'!AX34="","",'収支（品目別）'!AX34) | K34: =SUM(F34:J34) -> 0 | O34: 手数料 | Q34: =IF('収支（品目別）'!G34="","",'収支（品目別）'!G34) | R34: =IF('収支（品目別）'!R34="","",'収支（品目別）'!R34) | S34: =IF('収支（品目別）'!AC34="","",'収支（品目別）'!AC34) | T34: =IF('収支（品目別）'!AN34="","",'収支（品目別）'!AN34) | U34: =IF('収支（品目別）'!AY34="","",'収支（品目別）'!AY34) | V34: =SUM(Q34:U34) -> 0 | Z34: 手数料 | AB34: =IF('収支（品目別）'!H34="","",'収支（品目別）'!H34) | AC34: =IF('収支（品目別）'!S34="","",'収支（品目別）'!S34) | AD34: =IF('収支（品目別）'!AD34="","",'収支（品目別）'!AD34) | AE34: =IF('収支（品目別）'!AO34="","",'収支（品目別）'!AO34) | AF34: =IF('収支（品目別）'!AZ34="","",'収支（品目別）'!AZ34) | AG34: =SUM(AB34:AF34) -> 0 | AK34: 手数料 | AM34: =IF('収支（品目別）'!I34="","",'収支（品目別）'!I34) | AN34: =IF('収支（品目別）'!T34="","",'収支（品目別）'!T34) | AO34: =IF('収支（品目別）'!AE34="","",'収支（品目別）'!AE34) | AP34: =IF('収支（品目別）'!AP34="","",'収支（品目別）'!AP34) | AQ34: =IF('収支（品目別）'!BA34="","",'収支（品目別）'!BA34) | AR34: =SUM(AM34:AQ34) -> 0 | AV34: 手数料 | AX34: =IF('収支（品目別）'!J34="","",'収支（品目別）'!J34) | AY34: =IF('収支（品目別）'!U34="","",'収支（品目別）'!U34) | AZ34: =IF('収支（品目別）'!AF34="","",'収支（品目別）'!AF34) | BA34: =IF('収支（品目別）'!AQ34="","",'収支（品目別）'!AQ34) | BB34: =IF('収支（品目別）'!BB34="","",'収支（品目別）'!BB34) | BC34: =SUM(AX34:BB34) -> 0 | BG34: 手数料 | BI34: =IF('収支（品目別）'!K34="","",'収支（品目別）'!K34) | BJ34: =IF('収支（品目別）'!V34="","",'収支（品目別）'!V34) | BK34: =IF('収支（品目別）'!AG34="","",'収支（品目別）'!AG34) | BL34: =IF('収支（品目別）'!AR34="","",'収支（品目別）'!AR34) | BM34: =IF('収支（品目別）'!BC34="","",'収支（品目別）'!BC34) | BN34: =SUM(BI34:BM34) -> 0 | BR34: 手数料 | BT34: =BI34 | BU34: =BJ34 | BV34: =BK34*2 -> #VALUE! | BW34: =IF('収支（品目別）'!BC34="","",'収支（品目別）'!BC34) | BX34: =IF('収支（品目別）'!BN34="","",'収支（品目別）'!BN34) | BY34: =SUM(BT34:BX34) -> #VALUE!
D35: 一般管理費 | F35: =IF('収支（品目別）'!F35="","",'収支（品目別）'!F35) | G35: =IF('収支（品目別）'!Q35="","",'収支（品目別）'!Q35) | H35: =IF('収支（品目別）'!AB35="","",'収支（品目別）'!AB35) | I35: =IF('収支（品目別）'!AM35="","",'収支（品目別）'!AM35) | J35: =IF('収支（品目別）'!AX35="","",'収支（品目別）'!AX35) | K35: =SUM(F35:J35) -> 0 | O35: 一般管理費 | Q35: =IF('収支（品目別）'!G35="","",'収支（品目別）'!G35) | R35: =IF('収支（品目別）'!R35="","",'収支（品目別）'!R35) | S35: =IF('収支（品目別）'!AC35="","",'収支（品目別）'!AC35) | T35: =IF('収支（品目別）'!AN35="","",'収支（品目別）'!AN35) | U35: =IF('収支（品目別）'!AY35="","",'収支（品目別）'!AY35) | V35: =SUM(Q35:U35) -> 0 | Z35: 一般管理費 | AB35: =IF('収支（品目別）'!H35="","",'収支（品目別）'!H35) | AC35: =IF('収支（品目別）'!S35="","",'収支（品目別）'!S35) | AD35: =IF('収支（品目別）'!AD35="","",'収支（品目別）'!AD35) | AE35: =IF('収支（品目別）'!AO35="","",'収支（品目別）'!AO35) | AF35: =IF('収支（品目別）'!AZ35="","",'収支（品目別）'!AZ35) | AG35: =SUM(AB35:AF35) -> 0 | AK35: 一般管理費 | AM35: =IF('収支（品目別）'!I35="","",'収支（品目別）'!I35) | AN35: =IF('収支（品目別）'!T35="","",'収支（品目別）'!T35) | AO35: =IF('収支（品目別）'!AE35="","",'収支（品目別）'!AE35) | AP35: =IF('収支（品目別）'!AP35="","",'収支（品目別）'!AP35) | AQ35: =IF('収支（品目別）'!BA35="","",'収支（品目別）'!BA35) | AR35: =SUM(AM35:AQ35) -> 0 | AV35: 一般管理費 | AX35: =IF('収支（品目別）'!J35="","",'収支（品目別）'!J35) | AY35: =IF('収支（品目別）'!U35="","",'収支（品目別）'!U35) | AZ35: =IF('収支（品目別）'!AF35="","",'収支（品目別）'!AF35) | BA35: =IF('収支（品目別）'!AQ35="","",'収支（品目別）'!AQ35) | BB35: =IF('収支（品目別）'!BB35="","",'収支（品目別）'!BB35) | BC35: =SUM(AX35:BB35) -> 0 | BG35: 一般管理費 | BI35: =IF('収支（品目別）'!K35="","",'収支（品目別）'!K35) | BJ35: =IF('収支（品目別）'!V35="","",'収支（品目別）'!V35) | BK35: =IF('収支（品目別）'!AG35="","",'収支（品目別）'!AG35) | BL35: =IF('収支（品目別）'!AR35="","",'収支（品目別）'!AR35) | BM35: =IF('収支（品目別）'!BC35="","",'収支（品目別）'!BC35) | BN35: =SUM(BI35:BM35) -> 0 | BR35: 一般管理費 | BT35: =IF('収支（品目別）'!V35="","",'収支（品目別）'!V35) | BU35: =IF('収支（品目別）'!AG35="","",'収支（品目別）'!AG35) | BV35: =IF('収支（品目別）'!AR35="","",'収支（品目別）'!AR35) | BW35: =IF('収支（品目別）'!BC35="","",'収支（品目別）'!BC35) | BX35: =IF('収支（品目別）'!BN35="","",'収支（品目別）'!BN35) | BY35: =SUM(BT35:BX35) -> 0
C36: 合 計 | F36: =IF(F6="","",SUM(F10:F23)+SUM(F28:F31)) | G36: =IF(G6="","",SUM(G10:G23)+SUM(G28:G31)) | H36: =IF(H6="","",SUM(H10:H23)+SUM(H28:H31)) | I36: =IF(I6="","",SUM(I10:I23)+SUM(I28:I31)) | J36: =IF(J6="","",SUM(J10:J23)+SUM(J28:J31)) | K36: =SUM(F36:J36) -> 0 | N36: 合 計 | Q36: =IF(Q6="","",SUM(Q10:Q23)+SUM(Q28:Q31)) | R36: =IF(R6="","",SUM(R10:R23)+SUM(R28:R31)) | S36: =IF(S6="","",SUM(S10:S23)+SUM(S28:S31)) | T36: =IF(T6="","",SUM(T10:T23)+SUM(T28:T31)) | U36: =IF(U6="","",SUM(U10:U23)+SUM(U28:U31)) | V36: =SUM(Q36:U36) -> 0 | Y36: 合 計 | AB36: =IF(AB6="","",SUM(AB10:AB23)+SUM(AB28:AB31)) | AC36: =IF(AC6="","",SUM(AC10:AC23)+SUM(AC28:AC31)) | AD36: =IF(AD6="","",SUM(AD10:AD23)+SUM(AD28:AD31)) | AE36: =IF(AE6="","",SUM(AE10:AE23)+SUM(AE28:AE31)) | AF36: =IF(AF6="","",SUM(AF10:AF23)+SUM(AF28:AF31)) | AG36: =SUM(AB36:AF36) -> 0 | AJ36: 合 計 | AM36: =IF(AM6="","",SUM(AM10:AM23)+SUM(AM28:AM31)) | AN36: =IF(AN6="","",SUM(AN10:AN23)+SUM(AN28:AN31)) | AO36: =IF(AO6="","",SUM(AO10:AO23)+SUM(AO28:AO31)) | AP36: =IF(AP6="","",SUM(AP10:AP23)+SUM(AP28:AP31)) | AQ36: =IF(AQ6="","",SUM(AQ10:AQ23)+SUM(AQ28:AQ31)) | AR36: =SUM(AM36:AQ36) -> 0 | AU36: 合 計 | AX36: =IF(AX6="","",SUM(AX10:AX23)+SUM(AX28:AX31)) | AY36: =IF(AY6="","",SUM(AY10:AY23)+SUM(AY28:AY31)) | AZ36: =IF(AZ6="","",SUM(AZ10:AZ23)+SUM(AZ28:AZ31)) | BA36: =IF(BA6="","",SUM(BA10:BA23)+SUM(BA28:BA31)) | BB36: =IF(BB6="","",SUM(BB10:BB23)+SUM(BB28:BB31)) | BC36: =SUM(AX36:BB36) -> 0 | BF36: 合 計 | BI36: =IF(BI6="","",SUM(BI10:BI23)+SUM(BI28:BI31)) | BJ36: =IF(BJ6="","",SUM(BJ10:BJ23)+SUM(BJ28:BJ31)) | BK36: =IF(BK6="","",SUM(BK10:BK23)+SUM(BK28:BK31)) | BL36: =IF(BL6="","",SUM(BL10:BL23)+SUM(BL28:BL31)) | BM36: =IF(BM6="","",SUM(BM10:BM23)+SUM(BM28:BM31)) | BN36: =SUM(BI36:BM36) -> 0 | BQ36: 合 計 | BT36: =IF(BT6="","",SUM(BT10:BT23)+SUM(BT28:BT31)) | BU36: =IF(BU6="","",SUM(BU10:BU23)+SUM(BU28:BU31)) | BV36: =IF(BV6="","",SUM(BV10:BV23)+SUM(BV28:BV31)) | BW36: =IF(BW6="","",SUM(BW10:BW23)+SUM(BW28:BW31)) | BX36: =IF(BX6="","",SUM(BX10:BX23)+SUM(BX28:BX31)) | BY36: =SUM(BT36:BX36) -> 0
B37: 農 業 所 得 | F37: =IF(F6="","",F9-F36) | G37: =IF(G6="","",G9-G36) | H37: =IF(H6="","",H9-H36) | I37: =IF(I6="","",I9-I36) | J37: =IF(J6="","",J9-J36) | K37: =SUM(F37:J37) -> 0 | M37: 農 業 所 得 | Q37: =IF(Q6="","",Q9-Q36) | R37: =IF(R6="","",R9-R36) | S37: =IF(S6="","",S9-S36) | T37: =IF(T6="","",T9-T36) | U37: =IF(U6="","",U9-U36) | V37: =SUM(Q37:U37) -> 0 | X37: 農 業 所 得 | AB37: =IF(AB6="","",AB9-AB36) | AC37: =IF(AC6="","",AC9-AC36) | AD37: =IF(AD6="","",AD9-AD36) | AE37: =IF(AE6="","",AE9-AE36) | AF37: =IF(AF6="","",AF9-AF36) | AG37: =SUM(AB37:AF37) -> 0 | AI37: 農 業 所 得 | AM37: =IF(AM6="","",AM9-AM36) | AN37: =IF(AN6="","",AN9-AN36) | AO37: =IF(AO6="","",AO9-AO36) | AP37: =IF(AP6="","",AP9-AP36) | AQ37: =IF(AQ6="","",AQ9-AQ36) | AR37: =SUM(AM37:AQ37) -> 0 | AT37: 農 業 所 得 | AX37: =IF(AX6="","",AX9-AX36) | AY37: =IF(AY6="","",AY9-AY36) | AZ37: =IF(AZ6="","",AZ9-AZ36) | BA37: =IF(BA6="","",BA9-BA36) | BB37: =IF(BB6="","",BB9-BB36) | BC37: =SUM(AX37:BB37) -> 0 | BE37: 農 業 所 得 | BI37: =IF(BI6="","",BI9-BI36) | BJ37: =IF(BJ6="","",BJ9-BJ36) | BK37: =IF(BK6="","",BK9-BK36) | BL37: =IF(BL6="","",BL9-BL36) | BM37: =IF(BM6="","",BM9-BM36) | BN37: =SUM(BI37:BM37) -> 0 | BP37: 農 業 所 得 | BT37: =IF(BT6="","",BT9-BT36) | BU37: =IF(BU6="","",BU9-BU36) | BV37: =IF(BV6="","",BV9-BV36) | BW37: =IF(BW6="","",BW9-BW36) | BX37: =IF(BX6="","",BX9-BX36) | BY37: =SUM(BT37:BX37) -> 0
B38: 減価償却費込み所得 | F38: =IF(F6="","",F37+F23) | G38: =IF(G6="","",G37+G23) | H38: =IF(H6="","",H37+H23) | I38: =IF(I6="","",I37+I23) | J38: =IF(J6="","",J37+J23) | K38: =SUM(F38:J38) -> 0 | M38: 減価償却費込み所得 | Q38: =IF(Q6="","",Q37+Q23) | R38: =IF(R6="","",R37+R23) | S38: =IF(S6="","",S37+S23) | T38: =IF(T6="","",T37+T23) | U38: =IF(U6="","",U37+U23) | V38: =SUM(Q38:U38) -> 0 | X38: 減価償却費込み所得 | AB38: =IF(AB6="","",AB37+AB23) | AC38: =IF(AC6="","",AC37+AC23) | AD38: =IF(AD6="","",AD37+AD23) | AE38: =IF(AE6="","",AE37+AE23) | AF38: =IF(AF6="","",AF37+AF23) | AG38: =SUM(AB38:AF38) -> 0 | AI38: 減価償却費込み所得 | AM38: =IF(AM6="","",AM37+AM23) | AN38: =IF(AN6="","",AN37+AN23) | AO38: =IF(AO6="","",AO37+AO23) | AP38: =IF(AP6="","",AP37+AP23) | AQ38: =IF(AQ6="","",AQ37+AQ23) | AR38: =SUM(AM38:AQ38) -> 0 | AT38: 減価償却費込み所得 | AX38: =IF(AX6="","",AX37+AX23) | AY38: =IF(AY6="","",AY37+AY23) | AZ38: =IF(AZ6="","",AZ37+AZ23) | BA38: =IF(BA6="","",BA37+BA23) | BB38: =IF(BB6="","",BB37+BB23) | BC38: =SUM(AX38:BB38) -> 0 | BE38: 減価償却費込み所得 | BI38: =IF(BI6="","",BI37+BI23) | BJ38: =IF(BJ6="","",BJ37+BJ23) | BK38: =IF(BK6="","",BK37+BK23) | BL38: =IF(BL6="","",BL37+BL23) | BM38: =IF(BM6="","",BM37+BM23) | BN38: =SUM(BI38:BM38) -> 0 | BP38: 減価償却費込み所得 | BT38: =IF(BT6="","",BT37+BT23) | BU38: =IF(BU6="","",BU37+BU23) | BV38: =IF(BV6="","",BV37+BV23) | BW38: =IF(BW6="","",BW37+BW23) | BX38: =IF(BX6="","",BX37+BX23) | BY38: =SUM(BT38:BX38) -> 0

Sheet 収支（全体）記載不要！
K2: （単位：円）
F4: 現況 | G4: R6 | H4: R7 | I4: R8 | J4: R9 | K4: R10
B5: 農作物収入 | C5: =IF('収支（品目別）'!E3="","",'収支（品目別）'!E3) | F5: ='収支（品目別）'!F9 | G5: ='収支（品目別）'!G9 | H5: ='収支（品目別）'!H9 | I5: ='収支（品目別）'!I9 | J5: ='収支（品目別）'!J9 | K5: ='収支（品目別）'!K9
C6: =IF('収支（品目別）'!P3="","",'収支（品目別）'!P3) | F6: ='収支（品目別）'!Q9 | G6: ='収支（品目別）'!R9 | H6: ='収支（品目別）'!S9 | I6: ='収支（品目別）'!T9 | J6: ='収支（品目別）'!U9 | K6: ='収支（品目別）'!V9
C7: =IF('収支（品目別）'!AA3="","",'収支（品目別）'!AA3) | F7: ='収支（品目別）'!AB9 | G7: ='収支（品目別）'!AC9 | H7: ='収支（品目別）'!AD9 | I7: ='収支（品目別）'!AE9 | J7: ='収支（品目別）'!AF9 | K7: ='収支（品目別）'!AG9
C8: =IF('収支（品目別）'!AL3="","",'収支（品目別）'!AL3) | F8: ='収支（品目別）'!AM9 | G8: ='収支（品目別）'!AN9 | H8: ='収支（品目別）'!AO9 | I8: ='収支（品目別）'!AP9 | J8: ='収支（品目別）'!AQ9 | K8: ='収支（品目別）'!AR9
C9: =IF('収支（品目別）'!AW3="","",'収支（品目別）'!AW3) | F9: ='収支（品目別）'!AX9 | G9: ='収支（品目別）'!AY9 | H9: ='収支（品目別）'!AZ9 | I9: ='収支（品目別）'!BA9 | J9: ='収支（品目別）'!BB9 | K9: ='収支（品目別）'!BC9
C10: 合 計 | F10: =SUM(F5:F9) -> 0 | G10: =SUM(G5:G9) -> 0 | H10: =SUM(H5:H9) -> 0 | I10: =SUM(I5:I9) -> 0 | J10: =SUM(J5:J9) -> 0 | K10: =SUM(K5:K9) -> 0
B11: 農 業 経 営 費 | C11: 種苗費 | F11: ='収支（品目別）'!F10+'収支（品目別）'!Q10+'収支（品目別）'!AB10+'収支（品目別）'!AM10+'収支（品目別）'!AX10 -> 0 | G11: ='収支（品目別）'!G10+'収支（品目別）'!R10+'収支（品目別）'!AC10+'収支（品目別）'!AN10+'収支（品目別）'!AY10 -> 0 | H11: ='収支（品目別）'!H10+'収支（品目別）'!S10+'収支（品目別）'!AD10+'収支（品目別）'!AO10+'収支（品目別）'!AZ10 -> 0 | I11: ='収支（品目別）'!I10+'収支（品目別）'!T10+'収支（品目別）'!AE10+'収支（品目別）'!AP10+'収支（品目別）'!BA10 -> 0 | J11: ='収支（品目別）'!J10+'収支（品目別）'!U10+'収支（品目別）'!AF10+'収支（品目別）'!AQ10+'収支（品目別）'!BB10 -> 0 | K11: ='収支（品目別）'!K10+'収支（品目別）'!V10+'収支（品目別）'!AG10+'収支（品目別）'!AR10+'収支（品目別）'!BC10 -> 0
C12: 肥料費 | F12: ='収支（品目別）'!F11+'収支（品目別）'!Q11+'収支（品目別）'!AB11+'収支（品目別）'!AM11+'収支（品目別）'!AX11 -> 0 | G12: ='収支（品目別）'!G11+'収支（品目別）'!R11+'収支（品目別）'!AC11+'収支（品目別）'!AN11+'収支（品目別）'!AY11 -> 0 | H12: ='収支（品目別）'!H11+'収支（品目別）'!S11+'収支（品目別）'!AD11+'収支（品目別）'!AO11+'収支（品目別）'!AZ11 -> 0 | I12: ='収支（品目別）'!I11+'収支（品目別）'!T11+'収支（品目別）'!AE11+'収支（品目別）'!AP11+'収支（品目別）'!BA11 -> 0 | J12: ='収支（品目別）'!J11+'収支（品目別）'!U11+'収支（品目別）'!AF11+'収支（品目別）'!AQ11+'収支（品目別）'!BB11 -> 0 | K12: ='収支（品目別）'!K11+'収支（品目別）'!V11+'収支（品目別）'!AG11+'収支（品目別）'!AR11+'収支（品目別）'!BC11 -> 0
C13: 素畜費・種付費 | F13: ='収支（品目別）'!F12+'収支（品目別）'!Q12+'収支（品目別）'!AB12+'収支（品目別）'!AM12+'収支（品目別）'!AX12 -> 0 | G13: ='収支（品目別）'!G12+'収支（品目別）'!R12+'収支（品目別）'!AC12+'収支（品目別）'!AN12+'収支（品目別）'!AY12 -> 0 | H13: ='収支（品目別）'!H12+'収支（品目別）'!S12+'収支（品目別）'!AD12+'収支（品目別）'!AO12+'収支（品目別）'!AZ12 -> 0 | I13: ='収支（品目別）'!I12+'収支（品目別）'!T12+'収支（品目別）'!AE12+'収支（品目別）'!AP12+'収支（品目別）'!BA12 -> 0 | J13: ='収支（品目別）'!J12+'収支（品目別）'!U12+'収支（品目別）'!AF12+'収支（品目別）'!AQ12+'収支（品目別）'!BB12 -> 0 | K13: ='収支（品目別）'!K12+'収支（品目別）'!V12+'収支（品目別）'!AG12+'収支（品目別）'!AR12+'収支（品目別）'!BC12 -> 0
C14: 飼料費 | F14: ='収支（品目別）'!F13+'収支（品目別）'!Q13+'収支（品目別）'!AB13+'収支（品目別）'!AM13+'収支（品目別）'!AX13 -> 0 | G14: ='収支（品目別）'!G13+'収支（品目別）'!R13+'収支（品目別）'!AC13+'収支（品目別）'!AN13+'収支（品目別）'!AY13 -> 0 | H14: ='収支（品目別）'!H13+'収支（品目別）'!S13+'収支（品目別）'!AD13+'収支（品目別）'!AO13+'収支（品目別）'!AZ13 -> 0 | I14: ='収支（品目別）'!I13+'収支（品目別）'!T13+'収支（品目別）'!AE13+'収支（品目別）'!AP13+'収支（品目別）'!BA13 -> 0 | J14: ='収支（品目別）'!J13+'収支（品目別）'!U13+'収支（品目別）'!AF13+'収支（品目別）'!AQ13+'収支（品目別）'!BB13 -> 0 | K14: ='収支（品目別）'!K13+'収支（品目別）'!V13+'収支（品目別）'!AG13+'収支（品目別）'!AR13+'収支（品目別）'!BC13 -> 0
C15: 農薬・衛生費 | F15: ='収支（品目別）'!F14+'収支（品目別）'!Q14+'収支（品目別）'!AB14+'収支（品目別）'!AM14+'収支（品目別）'!AX14 -> 0 | G15: ='収支（品目別）'!G14+'収支（品目別）'!R14+'収支（品目別）'!AC14+'収支（品目別）'!AN14+'収支（品目別）'!AY14 -> 0 | H15: ='収支（品目別）'!H14+'収支（品目別）'!S14+'収支（品目別）'!AD14+'収支（品目別）'!AO14+'収支（品目別）'!AZ14 -> 0 | I15: ='収支（品目別）'!I14+'収支（品目別）'!T14+'収支（品目別）'!AE14+'収支（品目別）'!AP14+'収支（品目別）'!BA14 -> 0 | J15: ='収支（品目別）'!J14+'収支（品目別）'!U14+'収支（品目別）'!AF14+'収支（品目別）'!AQ14+'収支（品目別）'!BB14 -> 0 | K15: ='収支（品目別）'!K14+'収支（品目別）'!V14+'収支（品目別）'!AG14+'収支（品目別）'!AR14+'収支（品目別）'!BC14 -> 0
C16: 動力光熱費 | F16: ='収支（品目別）'!F15+'収支（品目別）'!Q15+'収支（品目別）'!AB15+'収支（品目別）'!AM15+'収支（品目別）'!AX15 -> 0 | G16: ='収支（品目別）'!G15+'収支（品目別）'!R15+'収支（品目別）'!AC15+'収支（品目別）'!AN15+'収支（品目別）'!AY15 -> 0 | H16: ='収支（品目別）'!H15+'収支（品目別）'!S15+'収支（品目別）'!AD15+'収支（品目別）'!AO15+'収支（品目別）'!AZ15 -> 0 | I16: ='収支（品目別）'!I15+'収支（品目別）'!T15+'収支（品目別）'!AE15+'収支（品目別）'!AP15+'収支（品目別）'!BA15 -> 0 | J16: ='収支（品目別）'!J15+'収支（品目別）'!U15+'収支（品目別）'!AF15+'収支（品目別）'!AQ15+'収支（品目別）'!BB15 -> 0 | K16: ='収支（品目別）'!K15+'収支（品目別）'!V15+'収支（品目別）'!AG15+'収支（品目別）'!AR15+'収支（品目別）'!BC15 -> 0
C17: 諸材料費・敷料費 | F17: ='収支（品目別）'!F16+'収支（品目別）'!Q16+'収支（品目別）'!AB16+'収支（品目別）'!AM16+'収支（品目別）'!AX16 -> 0 | G17: ='収支（品目別）'!G16+'収支（品目別）'!R16+'収支（品目別）'!AC16+'収支（品目別）'!AN16+'収支（品目別）'!AY16 -> 0 | H17: ='収支（品目別）'!H16+'収支（品目別）'!S16+'収支（品目別）'!AD16+'収支（品目別）'!AO16+'収支（品目別）'!AZ16 -> 0 | I17: ='収支（品目別）'!I16+'収支（品目別）'!T16+'収支（品目別）'!AE16+'収支（品目別）'!AP16+'収支（品目別）'!BA16 -> 0 | J17: ='収支（品目別）'!J16+'収支（品目別）'!U16+'収支（品目別）'!AF16+'収支（品目別）'!AQ16+'収支（品目別）'!BB16 -> 0 | K17: ='収支（品目別）'!K16+'収支（品目別）'!V16+'収支（品目別）'!AG16+'収支（品目別）'!AR16+'収支（品目別）'!BC16 -> 0
C18: 小農具・作業衣料費 | F18: ='収支（品目別）'!F17+'収支（品目別）'!Q17+'収支（品目別）'!AB17+'収支（品目別）'!AM17+'収支（品目別）'!AX17 -> 0 | G18: ='収支（品目別）'!G17+'収支（品目別）'!R17+'収支（品目別）'!AC17+'収支（品目別）'!AN17+'収支（品目別）'!AY17 -> 0 | H18: ='収支（品目別）'!H17+'収支（品目別）'!S17+'収支（品目別）'!AD17+'収支（品目別）'!AO17+'収支（品目別）'!AZ17 -> 0 | I18: ='収支（品目別）'!I17+'収支（品目別）'!T17+'収支（品目別）'!AE17+'収支（品目別）'!AP17+'収支（品目別）'!BA17 -> 0 | J18: ='収支（品目別）'!J17+'収支（品目別）'!U17+'収支（品目別）'!AF17+'収支（品目別）'!AQ17+'収支（品目別）'!BB17 -> 0 | K18: ='収支（品目別）'!K17+'収支（品目別）'!V17+'収支（品目別）'!AG17+'収支（品目別）'!AR17+'収支（品目別）'!BC17 -> 0
C19: 賃借料・料金 | F19: ='収支（品目別）'!F18+'収支（品目別）'!Q18+'収支（品目別）'!AB18+'収支（品目別）'!AM18+'収支（品目別）'!AX18 -> 0 | G19: ='収支（品目別）'!G18+'収支（品目別）'!R18+'収支（品目別）'!AC18+'収支（品目別）'!AN18+'収支（品目別）'!AY18 -> 0 | H19: ='収支（品目別）'!H18+'収支（品目別）'!S18+'収支（品目別）'!AD18+'収支（品目別）'!AO18+'収支（品目別）'!AZ18 -> 0 | I19: ='収支（品目別）'!I18+'収支（品目別）'!T18+'収支（品目別）'!AE18+'収支（品目別）'!AP18+'収支（品目別）'!BA18 -> 0 | J19: ='収支（品目別）'!J18+'収支（品目別）'!U18+'収支（品目別）'!AF18+'収支（品目別）'!AQ18+'収支（品目別）'!BB18 -> 0 | K19: ='収支（品目別）'!K18+'収支（品目別）'!V18+'収支（品目別）'!AG18+'収支（品目別）'!AR18+'収支（品目別）'!BC18 -> 0
C20: 物件税・租税公課 | F20: ='収支（品目別）'!F19+'収支（品目別）'!Q19+'収支（品目別）'!AB19+'収支（品目別）'!AM19+'収支（品目別）'!AX19 -> 0 | G20: ='収支（品目別）'!G19+'収支（品目別）'!R19+'収支（品目別）'!AC19+'収支（品目別）'!AN19+'収支（品目別）'!AY19 -> 0 | H20: ='収支（品目別）'!H19+'収支（品目別）'!S19+'収支（品目別）'!AD19+'収支（品目別）'!AO19+'収支（品目別）'!AZ19 -> 0 | I20: ='収支（品目別）'!I19+'収支（品目別）'!T19+'収支（品目別）'!AE19+'収支（品目別）'!AP19+'収支（品目別）'!BA19 -> 0 | J20: ='収支（品目別）'!J19+'収支（品目別）'!U19+'収支（品目別）'!AF19+'収支（品目別）'!AQ19+'収支（品目別）'!BB19 -> 0 | K20: ='収支（品目別）'!K19+'収支（品目別）'!V19+'収支（品目別）'!AG19+'収支（品目別）'!AR19+'収支（品目別）'!BC19 -> 0
C21: 保険共済費 | F21: ='収支（品目別）'!F20+'収支（品目別）'!Q20+'収支（品目別）'!AB20+'収支（品目別）'!AM20+'収支（品目別）'!AX20 -> 0 | G21: ='収支（品目別）'!G20+'収支（品目別）'!R20+'収支（品目別）'!AC20+'収支（品目別）'!AN20+'収支（品目別）'!AY20 -> 0 | H21: ='収支（品目別）'!H20+'収支（品目別）'!S20+'収支（品目別）'!AD20+'収支（品目別）'!AO20+'収支（品目別）'!AZ20 -> 0 | I21: ='収支（品目別）'!I20+'収支（品目別）'!T20+'収支（品目別）'!AE20+'収支（品目別）'!AP20+'収支（品目別）'!BA20 -> 0 | J21: ='収支（品目別）'!J20+'収支（品目別）'!U20+'収支（品目別）'!AF20+'収支（品目別）'!AQ20+'収支（品目別）'!BB20 -> 0 | K21: ='収支（品目別）'!K20+'収支（品目別）'!V20+'収支（品目別）'!AG20+'収支（品目別）'!AR20+'収支（品目別）'!BC20 -> 0
C22: 土地改良水利費 | F22: ='収支（品目別）'!F21+'収支（品目別）'!Q21+'収支（品目別）'!AB21+'収支（品目別）'!AM21+'収支（品目別）'!AX21 -> 0 | G22: ='収支（品目別）'!G21+'収支（品目別）'!R21+'収支（品目別）'!AC21+'収支（品目別）'!AN21+'収支（品目別）'!AY21 -> 0 | H22: ='収支（品目別）'!H21+'収支（品目別）'!S21+'収支（品目別）'!AD21+'収支（品目別）'!AO21+'収支（品目別）'!AZ21 -> 0 | I22: ='収支（品目別）'!I21+'収支（品目別）'!T21+'収支（品目別）'!AE21+'収支（品目別）'!AP21+'収支（品目別）'!BA21 -> 0 | J22: ='収支（品目別）'!J21+'収支（品目別）'!U21+'収支（品目別）'!AF21+'収支（品目別）'!AQ21+'収支（品目別）'!BB21 -> 0 | K22: ='収支（品目別）'!K21+'収支（品目別）'!V21+'収支（品目別）'!AG21+'収支（品目別）'!AR21+'収支（品目別）'!BC21 -> 0
C23: 修繕費 | F23: ='収支（品目別）'!F22+'収支（品目別）'!Q22+'収支（品目別）'!AB22+'収支（品目別）'!AM22+'収支（品目別）'!AX22 -> 0 | G23: ='収支（品目別）'!G22+'収支（品目別）'!R22+'収支（品目別）'!AC22+'収支（品目別）'!AN22+'収支（品目別）'!AY22 -> 0 | H23: ='収支（品目別）'!H22+'収支（品目別）'!S22+'収支（品目別）'!AD22+'収支（品目別）'!AO22+'収支（品目別）'!AZ22 -> 0 | I23: ='収支（品目別）'!I22+'収支（品目別）'!T22+'収支（品目別）'!AE22+'収支（品目別）'!AP22+'収支（品目別）'!BA22 -> 0 | J23: ='収支（品目別）'!J22+'収支（品目別）'!U22+'収支（品目別）'!AF22+'収支（品目別）'!AQ22+'収支（品目別）'!BB22 -> 0 | K23: ='収支（品目別）'!K22+'収支（品目別）'!V22+'収支（品目別）'!AG22+'収支（品目別）'!AR22+'収支（品目別）'!BC22 -> 0
C24: 減価償却費 | F24: =SUM(F25:F28) -> 0 | G24: =SUM(G25:G28) -> 0 | H24: =SUM(H25:H28) -> 0 | I24: =SUM(I25:I28) -> 0 | J24: =SUM(J25:J28) -> 0 | K24: =SUM(K25:K28) -> 0
D25: 建物・施設 | F25: ='収支（品目別）'!F24+'収支（品目別）'!Q24+'収支（品目別）'!AB24+'収支（品目別）'!AM24+'収支（品目別）'!AX24 -> 0 | G25: ='収支（品目別）'!G24+'収支（品目別）'!R24+'収支（品目別）'!AC24+'収支（品目別）'!AN24+'収支（品目別）'!AY24 -> 0 | H25: ='収支（品目別）'!H24+'収支（品目別）'!S24+'収支（品目別）'!AD24+'収支（品目別）'!AO24+'収支（品目別）'!AZ24 -> 0 | I25: ='収支（品目別）'!I24+'収支（品目別）'!T24+'収支（品目別）'!AE24+'収支（品目別）'!AP24+'収支（品目別）'!BA24 -> 0 | J25: ='収支（品目別）'!J24+'収支（品目別）'!U24+'収支（品目別）'!AF24+'収支（品目別）'!AQ24+'収支（品目別）'!BB24 -> 0 | K25: ='収支（品目別）'!K24+'収支（品目別）'!V24+'収支（品目別）'!AG24+'収支（品目別）'!AR24+'収支（品目別）'!BC24 -> 0
D26: 農機具 | F26: ='収支（品目別）'!F25+'収支（品目別）'!Q25+'収支（品目別）'!AB25+'収支（品目別）'!AM25+'収支（品目別）'!AX25 -> 0 | G26: ='収支（品目別）'!G25+'収支（品目別）'!R25+'収支（品目別）'!AC25+'収支（品目別）'!AN25+'収支（品目別）'!AY25 -> 0 | H26: ='収支（品目別）'!H25+'収支（品目別）'!S25+'収支（品目別）'!AD25+'収支（品目別）'!AO25+'収支（品目別）'!AZ25 -> 0 | I26: ='収支（品目別）'!I25+'収支（品目別）'!T25+'収支（品目別）'!AE25+'収支（品目別）'!AP25+'収支（品目別）'!BA25 -> 0 | J26: ='収支（品目別）'!J25+'収支（品目別）'!U25+'収支（品目別）'!AF25+'収支（品目別）'!AQ25+'収支（品目別）'!BB25 -> 0 | K26: ='収支（品目別）'!K25+'収支（品目別）'!V25+'収支（品目別）'!AG25+'収支（品目別）'!AR25+'収支（品目別）'!BC25 -> 0
D27: 大動物 | F27: ='収支（品目別）'!F26+'収支（品目別）'!Q26+'収支（品目別）'!AB26+'収支（品目別）'!AM26+'収支（品目別）'!AX26 -> 0 | G27: ='収支（品目別）'!G26+'収支（品目別）'!R26+'収支（品目別）'!AC26+'収支（品目別）'!AN26+'収支（品目別）'!AY26 -> 0 | H27: ='収支（品目別）'!H26+'収支（品目別）'!S26+'収支（品目別）'!AD26+'収支（品目別）'!AO26+'収支（品目別）'!AZ26 -> 0 | I27: ='収支（品目別）'!I26+'収支（品目別）'!T26+'収支（品目別）'!AE26+'収支（品目別）'!AP26+'収支（品目別）'!BA26 -> 0 | J27: ='収支（品目別）'!J26+'収支（品目別）'!U26+'収支（品目別）'!AF26+'収支（品目別）'!AQ26+'収支（品目別）'!BB26 -> 0 | K27: ='収支（品目別）'!K26+'収支（品目別）'!V26+'収支（品目別）'!AG26+'収支（品目別）'!AR26+'収支（品目別）'!BC26 -> 0
D28: 大植物 | F28: ='収支（品目別）'!F27+'収支（品目別）'!Q27+'収支（品目別）'!AB27+'収支（品目別）'!AM27+'収支（品目別）'!AX27 -> 0 | G28: ='収支（品目別）'!G27+'収支（品目別）'!R27+'収支（品目別）'!AC27+'収支（品目別）'!AN27+'収支（品目別）'!AY27 -> 0 | H28: ='収支（品目別）'!H27+'収支（品目別）'!S27+'収支（品目別）'!AD27+'収支（品目別）'!AO27+'収支（品目別）'!AZ27 -> 0 | I28: ='収支（品目別）'!I27+'収支（品目別）'!T27+'収支（品目別）'!AE27+'収支（品目別）'!AP27+'収支（品目別）'!BA27 -> 0 | J28: ='収支（品目別）'!J27+'収支（品目別）'!U27+'収支（品目別）'!AF27+'収支（品目別）'!AQ27+'収支（品目別）'!BB27 -> 0 | K28: ='収支（品目別）'!K27+'収支（品目別）'!V27+'収支（品目別）'!AG27+'収支（品目別）'!AR27+'収支（品目別）'!BC27 -> 0
C29: 雇用労賃 | F29: ='収支（品目別）'!F28+'収支（品目別）'!Q28+'収支（品目別）'!AB28+'収支（品目別）'!AM28+'収支（品目別）'!AX28 -> 0 | G29: ='収支（品目別）'!G28+'収支（品目別）'!R28+'収支（品目別）'!AC28+'収支（品目別）'!AN28+'収支（品目別）'!AY28 -> 0 | H29: ='収支（品目別）'!H28+'収支（品目別）'!S28+'収支（品目別）'!AD28+'収支（品目別）'!AO28+'収支（品目別）'!AZ28 -> 0 | I29: ='収支（品目別）'!I28+'収支（品目別）'!T28+'収支（品目別）'!AE28+'収支（品目別）'!AP28+'収支（品目別）'!BA28 -> 0 | J29: ='収支（品目別）'!J28+'収支（品目別）'!U28+'収支（品目別）'!AF28+'収支（品目別）'!AQ28+'収支（品目別）'!BB28 -> 0 | K29: ='収支（品目別）'!K28+'収支（品目別）'!V28+'収支（品目別）'!AG28+'収支（品目別）'!AR28+'収支（品目別）'!BC28 -> 0
C30: 支払利子 | F30: ='収支（品目別）'!F29+'収支（品目別）'!Q29+'収支（品目別）'!AB29+'収支（品目別）'!AM29+'収支（品目別）'!AX29 -> 0 | G30: ='収支（品目別）'!G29+'収支（品目別）'!R29+'収支（品目別）'!AC29+'収支（品目別）'!AN29+'収支（品目別）'!AY29 -> 0 | H30: ='収支（品目別）'!H29+'収支（品目別）'!S29+'収支（品目別）'!AD29+'収支（品目別）'!AO29+'収支（品目別）'!AZ29 -> 0 | I30: ='収支（品目別）'!I29+'収支（品目別）'!T29+'収支（品目別）'!AE29+'収支（品目別）'!AP29+'収支（品目別）'!BA29 -> 0 | J30: ='収支（品目別）'!J29+'収支（品目別）'!U29+'収支（品目別）'!AF29+'収支（品目別）'!AQ29+'収支（品目別）'!BB29 -> 0 | K30: ='収支（品目別）'!K29+'収支（品目別）'!V29+'収支（品目別）'!AG29+'収支（品目別）'!AR29+'収支（品目別）'!BC29 -> 0
C31: 支払地代 | F31: ='収支（品目別）'!F30+'収支（品目別）'!Q30+'収支（品目別）'!AB30+'収支（品目別）'!AM30+'収支（品目別）'!AX30 -> 0 | G31: ='収支（品目別）'!G30+'収支（品目別）'!R30+'収支（品目別）'!AC30+'収支（品目別）'!AN30+'収支（品目別）'!AY30 -> 0 | H31: ='収支（品目別）'!H30+'収支（品目別）'!S30+'収支（品目別）'!AD30+'収支（品目別）'!AO30+'収支（品目別）'!AZ30 -> 0 | I31: ='収支（品目別）'!I30+'収支（品目別）'!T30+'収支（品目別）'!AE30+'収支（品目別）'!AP30+'収支（品目別）'!BA30 -> 0 | J31: ='収支（品目別）'!J30+'収支（品目別）'!U30+'収支（品目別）'!AF30+'収支（品目別）'!AQ30+'収支（品目別）'!BB30 -> 0 | K31: ='収支（品目別）'!K30+'収支（品目別）'!V30+'収支（品目別）'!AG30+'収支（品目別）'!AR30+'収支（品目別）'!BC30 -> 0
C32: 販売費・一般管理費 | F32: =SUM(F33:F36) -> 0 | G32: =SUM(G33:G36) -> 0 | H32: =SUM(H33:H36) -> 0 | I32: =SUM(I33:I36) -> 0 | J32: =SUM(J33:J36) -> 0 | K32: =SUM(K33:K36) -> 0
D33: 選果出荷経費 | F33: ='収支（品目別）'!F32+'収支（品目別）'!Q32+'収支（品目別）'!AB32+'収支（品目別）'!AM32+'収支（品目別）'!AX32 -> 0 | G33: ='収支（品目別）'!G32+'収支（品目別）'!R32+'収支（品目別）'!AC32+'収支（品目別）'!AN32+'収支（品目別）'!AY32 -> 0 | H33: ='収支（品目別）'!H32+'収支（品目別）'!S32+'収支（品目別）'!AD32+'収支（品目別）'!AO32+'収支（品目別）'!AZ32 -> 0 | I33: ='収支（品目別）'!I32+'収支（品目別）'!T32+'収支（品目別）'!AE32+'収支（品目別）'!AP32+'収支（品目別）'!BA32 -> 0 | J33: ='収支（品目別）'!J32+'収支（品目別）'!U32+'収支（品目別）'!AF32+'収支（品目別）'!AQ32+'収支（品目別）'!BB32 -> 0 | K33: ='収支（品目別）'!K32+'収支（品目別）'!V32+'収支（品目別）'!AG32+'収支（品目別）'!AR32+'収支（品目別）'!BC32 -> 0
D34: 運賃 | F34: ='収支（品目別）'!F33+'収支（品目別）'!Q33+'収支（品目別）'!AB33+'収支（品目別）'!AM33+'収支（品目別）'!AX33 -> 0 | G34: ='収支（品目別）'!G33+'収支（品目別）'!R33+'収支（品目別）'!AC33+'収支（品目別）'!AN33+'収支（品目別）'!AY33 -> 0 | H34: ='収支（品目別）'!H33+'収支（品目別）'!S33+'収支（品目別）'!AD33+'収支（品目別）'!AO33+'収支（品目別）'!AZ33 -> 0 | I34: ='収支（品目別）'!I33+'収支（品目別）'!T33+'収支（品目別）'!AE33+'収支（品目別）'!AP33+'収支（品目別）'!BA33 -> 0 | J34: ='収支（品目別）'!J33+'収支（品目別）'!U33+'収支（品目別）'!AF33+'収支（品目別）'!AQ33+'収支（品目別）'!BB33 -> 0 | K34: ='収支（品目別）'!K33+'収支（品目別）'!V33+'収支（品目別）'!AG33+'収支（品目別）'!AR33+'収支（品目別）'!BC33 -> 0
D35: 手数料 | F35: ='収支（品目別）'!F34+'収支（品目別）'!Q34+'収支（品目別）'!AB34+'収支（品目別）'!AM34+'収支（品目別）'!AX34 -> 0 | G35: ='収支（品目別）'!G34+'収支（品目別）'!R34+'収支（品目別）'!AC34+'収支（品目別）'!AN34+'収支（品目別）'!AY34 -> 0 | H35: ='収支（品目別）'!H34+'収支（品目別）'!S34+'収支（品目別）'!AD34+'収支（品目別）'!AO34+'収支（品目別）'!AZ34 -> 0 | I35: ='収支（品目別）'!I34+'収支（品目別）'!T34+'収支（品目別）'!AE34+'収支（品目別）'!AP34+'収支（品目別）'!BA34 -> 0 | J35: ='収支（品目別）'!J34+'収支（品目別）'!U34+'収支（品目別）'!AF34+'収支（品目別）'!AQ34+'収支（品目別）'!BB34 -> 0 | K35: ='収支（品目別）'!K34+'収支（品目別）'!V34+'収支（品目別）'!AG34+'収支（品目別）'!AR34+'収支（品目別）'!BC34 -> 0
D36: 一般管理費 | F36: ='収支（品目別）'!F35+'収支（品目別）'!Q35+'収支（品目別）'!AB35+'収支（品目別）'!AM35+'収支（品目別）'!AX35 -> 0 | G36: ='収支（品目別）'!G35+'収支（品目別）'!R35+'収支（品目別）'!AC35+'収支（品目別）'!AN35+'収支（品目別）'!AY35 -> 0 | H36: ='収支（品目別）'!H35+'収支（品目別）'!S35+'収支（品目別）'!AD35+'収支（品目別）'!AO35+'収支（品目別）'!AZ35 -> 0 | I36: ='収支（品目別）'!I35+'収支（品目別）'!T35+'収支（品目別）'!AE35+'収支（品目別）'!AP35+'収支（品目別）'!BA35 -> 0 | J36: ='収支（品目別）'!J35+'収支（品目別）'!U35+'収支（品目別）'!AF35+'収支（品目別）'!AQ35+'収支（品目別）'!BB35 -> 0 | K36: ='収支（品目別）'!K35+'収支（品目別）'!V35+'収支（品目別）'!AG35+'収支（品目別）'!AR35+'収支（品目別）'!BC35 -> 0
C37: 合 計 | F37: =SUM(F11:F24)+SUM(F29:F32) -> 0 | G37: =SUM(G11:G24)+SUM(G29:G32) -> 0 | H37: =SUM(H11:H24)+SUM(H29:H32) -> 0 | I37: =SUM(I11:I24)+SUM(I29:I32) -> 0 | J37: =SUM(J11:J24)+SUM(J29:J32) -> 0 | K37: =SUM(K11:K24)+SUM(K29:K32) -> 0
B38: 農 業 所 得 | F38: =F10-F37 -> 0 | G38: =G10-G37 -> 0 | H38: =H10-H37 -> 0 | I38: =I10-I37 -> 0 | J38: =J10-J37 -> 0 | K38: =K10-K37 -> 0
B39: 減価償却費込み所得 | F39: =F38+F24 -> 0 | G39: =G38+G24 -> 0 | H39: =H38+H24 -> 0 | I39: =I38+I24 -> 0 | J39: =J38+J24 -> 0 | K39: =K38+K24 -> 0

Sheet 作付計画
U3: ○播種 △定植 □収穫 | AS3: ○播種 △定植 □収穫 | BQ3: ○播種 △定植 □収穫 | CO3: ○播種 △定植 □収穫 | DM3: ○播種 △定植 □収穫
B4: ほ場名 | C4: 面積 ａ | D4: Ｒ６年 | AB4: Ｒ７年 | AZ4: Ｒ８年 | BX4: Ｒ９年 | CV4: Ｒ１０年
D5: １月 | F5: ２月 | H5: ３月 | J5: ４月 | L5: ５月 | N5: ６月 | P5: ７月 | R5: ８月 | T5: ９月 | V5: １０月 | X5: １１月 | Z5: １２月 | AB5: １月 | AD5: ２月 | AF5: ３月 | AH5: ４月 | AJ5: ５月 | AL5: ６月 | AN5: ７月 | AP5: ８月 | AR5: ９月 | AT5: １０月 | AV5: １１月 | AX5: １２月 | AZ5: １月 | BB5: ２月 | BD5: ３月 | BF5: ４月 | BH5: ５月 | BJ5: ６月 | BL5: ７月 | BN5: ８月 | BP5: ９月 | BR5: １０月 | BT5: １１月 | BV5: １２月 | BX5: １月 | BZ5: ２月 | CB5: ３月 | CD5: ４月 | CF5: ５月 | CH5: ６月 | CJ5: ７月 | CL5: ８月 | CN5: ９月 | CP5: １０月 | CR5: １１月 | CT5: １２月 | CV5: １月 | CX5: ２月 | CZ5: ３月 | DB5: ４月 | DD5: ５月 | DF5: ６月 | DH5: ７月 | DJ5: ８月 | DL5: ９月 | DN5: １０月 | DP5: １１月 | DR5: １２月
D6: 上期 | E6: 下期 | F6: 上期 | G6: 下期 | H6: 上期 | I6: 下期 | J6: 上期 | K6: 下期 | L6: 上期 | M6: 下期 | N6: 上期 | O6: 下期 | P6: 上期 | Q6: 下期 | R6: 上期 | S6: 下期 | T6: 上期 | U6: 下期 | V6: 上期 | W6: 下期 | X6: 上期 | Y6: 下期 | Z6: 上期 | AA6: 下期 | AB6: 上期 | AC6: 下期 | AD6: 上期 | AE6: 下期 | AF6: 上期 | AG6: 下期 | AH6: 上期 | AI6: 下期 | AJ6: 上期 | AK6: 下期 | AL6: 上期 | AM6: 下期 | AN6: 上期 | AO6: 下期 | AP6: 上期 | AQ6: 下期 | AR6: 上期 | AS6: 下期 | AT6: 上期 | AU6: 下期 | AV6: 上期 | AW6: 下期 | AX6: 上期 | AY6: 下期 | AZ6: 上期 | BA6: 下期 | BB6: 上期 | BC6: 下期 | BD6: 上期 | BE6: 下期 | BF6: 上期 | BG6: 下期 | BH6: 上期 | BI6: 下期 | BJ6: 上期 | BK6: 下期 | BL6: 上期 | BM6: 下期 | BN6: 上期 | BO6: 下期 | BP6: 上期 | BQ6: 下期 | BR6: 上期 | BS6: 下期 | BT6: 上期 | BU6: 下期 | BV6: 上期 | BW6: 下期 | BX6: 上期 | BY6: 下期 | BZ6: 上期 | CA6: 下期 | CB6: 上期 | CC6: 下期 | CD6: 上期 | CE6: 下期 | CF6: 上期 | CG6: 下期 | CH6: 上期 | CI6: 下期 | CJ6: 上期 | CK6: 下期 | CL6: 上期 | CM6: 下期 | CN6: 上期 | CO6: 下期 | CP6: 上期 | CQ6: 下期 | CR6: 上期 | CS6: 下期 | CT6: 上期 | CU6: 下期 | CV6: 上期 | CW6: 下期 | CX6: 上期 | CY6: 下期 | CZ6: 上期 | DA6: 下期 | DB6: 上期 | DC6: 下期 | DD6: 上期 | DE6: 下期 | DF6: 上期 | DG6: 下期 | DH6: 上期 | DI6: 下期 | DJ6: 上期 | DK6: 下期 | DL6: 上期 | DM6: 下期 | DN6: 上期 | DO6: 下期 | DP6: 上期 | DQ6: 下期 | DR6: 上期 | DS6: 下期
B7: （例） 辺田見① 【トマト】 | C7: 10 | J7: 〇 | L7: △ | O7: □ | X7: □ | AH7: 〇 | AJ7: △ | AM7: □ | AV7: □ | BF7: 〇 | BH7: △ | BK7: □ | BT7: □ | CD7: 〇 | CF7: △ | CI7: □ | CR7: □ | DB7: 〇 | DD7: △ | DG7: □ | DP7: □
